 Dungeon Crawl Stone Soup version 0.32-a0-450-g080537f31e (webtiles) character file.

Game seed: 10859078353457283712

1523033 sleeves the Portalist (level 27, 300/300 HPs)
             Began as an Oni Warper on Feb 23, 2024.
             Was the Champion of Okawaru.
             Escaped with the Orb
             ... and 3 runes!
             The game lasted 05:03:46 (92112 turns).

sleeves the Portalist (Oni Warper)                 Turns: 92112, Time: 05:03:46

Health: 300/300    AC: 20    Str: 35    XL:     27
Magic:  51/51      EV: 13    Int: 16    God:    Okawaru [******]
Gold:   9213       SH:  0    Dex:  8    Spells: 27/56 levels left

rFire   + + +        b - +9 giant spiked club (spect) {god gift}
rCold   . . .        (shield currently unavailable)
rNeg    + . .        n - +5 swamp dragon scales of the Blessed Realm {god gift, rPois Will+ Str+2}
rPois   +            z - +0 hat of Hangman {rF+ Stlth+}
rElec   .            q - +2 cloak
rCorr   .            (gloves unavailable)
SInv    +            (boots unavailable)
Will    +++..        A - amulet of the Median {RegenMP rF+ Stlth+}
Stlth   +            M - ring of see invisible
HPRegen 0.70/turn    j - ring of the Echidna {rF+ rN+ MP+9 Int+2}
MPRegen 0.72/turn

%: no passive effects
@: studying Summonings
A: large, unfitting armour, horns 1, tough skin 1, double potion healing,
drunken brawling, screaming 1
0: Orb of Zot
}: 3/15 runes: barnacled, silver, gossamer
a: Renounce Religion, Heroism, Finesse, Duel


You escaped.
You worshipped Okawaru.
Okawaru was exalted by your worship.
You visited 11 branches of the dungeon, and saw 51 of its levels.
You also visited: Trove, Ossuary, Bailey and Wizlab.

You collected 9319 gold pieces.
You spent 106 gold pieces at shops.

Inventory:

Hand Weapons
 b - a +9 spectral giant spiked club (weapon) {god gift}
   (Okawaru gifted it to you on level 4 of the Shoals)
 e - a +9 giant spiked club of freezing
   (You took it off a two-headed ogre on level 12 of the Dungeon)
Missiles
 d - 8 darts of dispersal
 f - 36 javelins
 p - 3 throwing nets
 r - 15 silver javelins
 t - 8 curare-tipped darts
 O - 29 boomerangs
 P - 7 datura-tipped darts {god gift}
 U - 34 atropa-tipped darts
 W - 105 large rocks (quivered) {god gift}
Armour
 n - the +5 swamp dragon scales of the Blessed Realm (worn) {god gift, rPois Will+ Str+2}
   (Okawaru gifted it to you on level 15 of the Dungeon)

   Str+2:     It affects your strength (+2).
   rPois:     It protects you from poison Will+: It increases your willpower.
 q - a +2 cloak (worn)
   (You took it off a draconian annihilator on level 4 of the Depths)
 z - the +0 hat of Hangman (worn) {rF+ Stlth+}
   (You found it on level 4 of the Spider Nest)

   rF+:       It protects you from fire.
   Stlth+:    It makes you more stealthy.
Jewellery
 j - the ring of the Echidna (right hand) {rF+ rN+ MP+9 Int+2}
   (You found it on level 1 of the Spider Nest)

   [ring of protection from fire]

   Int+2:     It affects your intelligence (+2).
   rF+:       It protects you from fire.
   rN+:       It protects you from negative energy.
   MP+9:      It affects your magic capacity (+9).
 A - the amulet of the Median (around neck) {RegenMP rF+ Stlth+}
   (You took it off a deep elf demonologist on level 3 of the Elven Halls)

   [amulet of magic regeneration]

   RegenMP:   It increases your rate of magic regeneration.
   rF+:       It protects you from fire.
   Stlth+:    It makes you more stealthy.
 M - a ring of see invisible (left hand)
   (You found it on level 2 of the Lair of Beasts)
 S - the ring of Wephif {Fly Int+6}
   (You found it on level 2 of the Depths)

   [ring of intelligence]

   Int+6:     It affects your intelligence (+6).
   Fly:       It grants you flight.
 V - the ring "Salul" {rPois Will+ rCorr}
   (You found it on level 3 of the Crypt)

   [ring of resist corrosion]

   rPois:     It protects you from poison Will+: It increases your willpower.
   rCorr:     It protects you from acid and corrosion.
Talismans
 l - a granite talisman
   (You took it off Roxanne on level 15 of the Dungeon)
Wands
 i - a wand of digging (24)
   (You found it on level 1 of the Lair of Beasts)
 w - a wand of quicksilver (32)
   (You found it on level 4 of the Shoals)
Scrolls
 c - 10 scrolls of blinking
 k - 8 scrolls of fear
 o - 6 scrolls of vulnerability
 v - 2 scrolls of torment
 x - 8 scrolls of revelation
 y - 11 scrolls of fog
 B - 3 scrolls of brand weapon
 C - 13 scrolls of enchant armour
 D - 28 scrolls of teleportation
 F - a scroll of amnesia
 I - 9 scrolls of silence
 L - 9 scrolls of poison
 R - 4 scrolls of immolation
Potions
 a - 12 potions of enlightenment
 g - 4 potions of berserk rage
 h - 15 potions of heal wounds
 m - 15 potions of mutation
 s - 8 potions of haste
 u - 5 potions of cancellation
 E - 10 potions of ambrosia
 G - 2 potions of magic
 H - 4 potions of resistance
 J - 23 potions of curing
 N - 11 potions of brilliance
 Q - 6 potions of invisibility
 Y - 6 potions of might


   Skills:
 - Level 22.0 Fighting
 - Level 22.0 Maces & Flails
 + Level 21.4 Throwing
 - Level 12.0 Armour
 - Level 16.0 Dodging
 - Level 15.0 Spellcasting
 - Level 24.0 Translocations
 - Level 9.1 Invocations
 + Level 17.6 Shapeshifting


You had 27 spell levels left.
You knew the following spells:

 Your Spells              Type           Power      Damage    Failure   Level
a - Blink                 Tloc           100%       N/A       0%          2
b - Teleport Other        Tloc           73%        N/A       0%          3
c - Lesser Beckoning      Tloc           100%       N/A       0%          2
d - Manifold Assault      Tloc           73%        N/A       0%          4
e - Dispersal             Tloc           36%        N/A       1%          6
f - Disjunction           Tloc           36%        N/A       2%          8
g - Passage of Golubria   Tloc           73%        N/A       0%          4

Your spell library contained the following spells:

 Spells                   Type           Power      Damage    Failure   Level
 Apportation              Tloc           100%       N/A       0%          1
 Gell's Gravitas          Tloc           73%        N/A       0%          3
 Momentum Strike          Conj/Tloc      100%       3d10      1%          2
 Volatile Blastmotes      Fire/Tloc      100%       2d18      1%          3
 Dimensional Bullseye     Hex/Tloc       25%        N/A       1%          4
 Iskenderun's Mystic Bla  Conj/Tloc      50%        2d11      1%          4
 Vhi's Electric Charge    Tloc/Air       100%       N/A       1%          4
 Foxfire                  Conj/Fire      48%        2x1d6     7%          1
 Freeze                   Ice            48%        1d6       7%          1
 Kiss of Death            Conj/Necr      48%        2d9       7%          1
 Necrotise                Necr           48%        1d6       7%          1
 Shock                    Conj/Air       48%        1d6       7%          1
 Slow                     Hex            48%        N/A       7%          1
 Sting                    Conj/Alch      48%        1d6       7%          1
 Cigotuvi's Dreadful Rot  Necr/Alch/Air  24%        N/A       11%         2
 Ensorcelled Hibernation  Hex/Ice        24%        N/A       11%         2
 Mercury Vapours          Alch/Air       24%        N/A       11%         2
 Scorch                   Fire           24%        2d6       11%         2
 Static Discharge         Conj/Air       24%        3-4/arc   11%         2
 Confusing Touch          Hex            12%        N/A       21%         3
 Frozen Ramparts          Ice            24%        1d4       21%         3
 Fugue of the Fallen      Necr           12%        N/A       21%         3
 Hailstorm                Conj/Ice       12%        3d6       21%         3
 Inner Flame              Hex/Fire       12%        N/A       21%         3
 Mephitic Cloud           Conj/Alch/Air  12%        N/A       21%         3
 Ozocubu's Armour         Ice            12%        N/A       21%         3
 Passwall                 Erth           12%        N/A       21%         3
 Sigil of Binding         Hex            12%        N/A       21%         3
 Stone Arrow              Conj/Erth      24%        3d8       21%         3
 Swiftness                Air            12%        N/A       21%         3
 Vampiric Draining        Necr           12%        2d6       21%         3
 Airstrike                Air            6%         2d(1-17)  56%         4
 Anguish                  Hex/Necr       6%         N/A       56%         4
 Brom's Barrelling Bould  Conj/Erth      12%        2d4       56%         4
 Dispel Undead            Necr           12%        3d9       56%         4
 Flame Wave               Conj/Fire      12%        2d6       56%         4
 Fulminant Prism          Conj/Alch      6%         3d6       56%         4
 Ignite Poison            Fire/Alch      12%        N/A       56%         4
 Olgreb's Toxic Radiance  Alch           12%        N/A       56%         4
 Alistair's Intoxication  Alch           8%         N/A       88%         5
 Arcjolt                  Conj/Air       6%         1d16      88%         5
 Borgnjor's Vile Clutch   Necr/Erth      6%         N/A       88%         5
 Fireball                 Conj/Fire      6%         3d5       88%         5
 Freezing Cloud           Conj/Ice/Air   6%         6-21      88%         5
 Irradiate                Conj/Alch      6%         3d13      88%         5
 Iskenderun's Battlesphe  Conj           12%        2d7       88%         5
 Silence                  Hex/Air        6%         N/A       88%         5
 Conjure Ball Lightning   Conj/Air       6%         3x3d6     100%        6
 Eringya's Noxious Bog    Alch           6%         4d6       100%        6
 Plasma Beam              Fire/Air       6%         2x1d16    100%        6
 Starburst                Conj/Fire      6%         6d4       100%        6
 Orb of Destruction       Conj           6%         9d6       100%        7
 Ozocubu's Refrigeration  Ice            6%         4d8       100%        7
 Borgnjor's Revivificati  Necr           6%         N/A       100%        8
 Discord                  Hex            6%         N/A       100%        8
 Ignition                 Fire           6%         3d4       100%        8
 Lehudib's Crystal Spear  Conj/Erth      6%         10d3      100%        8
 Chain Lightning          Conj/Air       6%         3d8       100%        9
 Death's Door             Necr           6%         N/A       100%        9
 Fire Storm               Conj/Fire      6%         8d2       100%        9
 Polar Vortex             Ice            6%         N/A       100%        9
 Shatter                  Erth           6%         3d9*      100%        9
 Summon Small Mammal      Summ           Unusable   N/A       N/A         1
 Summon Ice Beast         Ice/Summ       Unusable   N/A       N/A         3
 Tukima's Dance           Hex            Unusable   N/A       N/A         3
 Summon Lightning Spire   Summ/Air       Unusable   N/A       N/A         4
 Sculpt Simulacrum        Ice/Alch       Unusable   N/A       N/A         6
 Summon Cactus Giant      Summ           Unusable   N/A       N/A         6
 Haunt                    Necr/Summ      Unusable   N/A       N/A         7

Dungeon Overview and Level Annotations

Branches:
Dungeon (15/15)            Temple (1/1) D:5            Lair (5/5) D:8
 Shoals (4/4) Lair:3       Spider (4/4) Lair:3        Slime (0/5) Lair:4
    Orc (2/2) D:11            Elf (3/3) Orc:2        Vaults (5/5) D:13
  Crypt (3/3) Vaults:2       Tomb (0/3) Crypt:3      Depths (4/4) D:15
    Zot (5/5) Depths:4    Ossuary (visited)          Bailey (visited)
 WizLab (visited)

Altars:
Ashenzari
Cheibriados
Dithmenos
Elyvilon
Fedhas
Gozag
Hepliaklqana
Kikubaaqudgha
Makhleb
Nemelex Xobeh
Okawaru
Qazlal
Ru
Sif Muna
Trog
Uskayaw
Vehumet
Wu Jian
Xom
Yredelemnul
Zin
The Shining One
Beogh
Jiyva

Shops:
D:6 :   D:13 ((   Orc:1 =   Orc:2 **[*   Elf:2 =   Shoals:1 **   Vaults:3 (
Depths:2 *

Portals:
Hell: Depths:1 Depths:2 Depths:3 Depths:4
Abyss: D:4 Depths:1 Depths:3 Depths:4
Pandemonium: Depths:2
Ziggurat: Depths:3

Annotations:
D:3 exclusion: sky beast
D:7 poison vault
D:13 Rupert
Lair:2 exclusion: upstairs
Lair:4 2 transporters, Pijio's ghost, journeyman MDFi
Orc:2 2 transporters, jamsaran's ghost, journeyman DgAl
Zot:1 3 runed translucent doors, Fiowez's ghost, veteran HuAl


Innate Abilities, Weirdness & Mutations

You are too large for most types of armour.
You have a pair of small horns on your head.
You have tough skin. (AC +1)
You gain doubled healing and magic from potions.
Whenever you drink a healing potion, you attack all around you.
You occasionally shout uncontrollably at your foes.


Message History

Okawaru accepts your kill.
Your +9 spectral giant spiked club {god gift} hits the green draconian!!
The purple draconian misses your +9 spectral giant spiked club {god gift}.
The green draconian completely misses your +9 spectral giant spiked club {god gift}.
The green draconian hits you but does no damage.
The green draconian closely misses your +9 spectral giant spiked club {god gift}.
Casting: Manifold Assault (safe; 0% risk of failure)
Confirm with . or Enter, or press ? or * to list all spells.
Space momentarily warps into an impossible shape!
You hit the green draconian. You impale the storm dragon!!
You hit the yellow draconian but do no damage.
You barely miss the green draconian monk.
Your +9 spectral giant spiked club {god gift} misses the green draconian monk.
Your +9 spectral giant spiked club {god gift} hits the green draconian but does no damage.
The green draconian monk hits your +9 spectral giant spiked club {god gift}!!
Your spectral weapon shares its damage with you!
The green draconian monk closely misses your +9 spectral giant spiked club {god gift}.
The green draconian monk tail-slaps your +9 spectral giant spiked club {god gift}!
Your spectral weapon shares its damage with you!
Your +9 spectral giant spiked club {god gift} disappears.
A white draconian comes into view. It is wielding a +0 mace.
The green draconian hits you with a +0 hand axe.
The green draconian tail-slaps you but does no damage.
Casting: Manifold Assault (safe; 0% risk of failure)
Confirm with . or Enter, or press ? or * to list all spells.
Space momentarily warps into an impossible shape!
You impale the green draconian!! You completely miss the storm dragon.
You sock the white draconian! You closely miss the purple draconian.
Your +9 spectral giant spiked club {god gift} hits the purple draconian!!!
The green draconian hits you with a +0 hand axe!
The green draconian tail-slaps you but does no damage.
The yellow draconian misses your +9 spectral giant spiked club {god gift}.
The green draconian monk hits you but does no damage.
The green draconian monk kicks you!
The green draconian monk tail-slaps you but does no damage. x2
The purple draconian closely misses you.
Casting: Manifold Assault (safe; 0% risk of failure)
Confirm with . or Enter, or press ? or * to list all spells.
Space momentarily warps into an impossible shape!
You hit the purple draconian but do no damage.
You miss the green draconian monk. You hit the storm dragon.
Your +9 spectral giant spiked club {god gift} barely misses the green draconian monk.
Your +9 spectral giant spiked club {god gift} hits the purple draconian!!
The green draconian hits you but does no damage.
The green draconian misses you.
The yellow draconian completely misses your +9 spectral giant spiked club {god gift}.
The purple draconian closely misses your +9 spectral giant spiked club {god gift}.
The green draconian monk hits you but does no damage.
The green draconian monk barely misses you.
The green draconian monk tail-slaps you but does no damage. x2
Casting: Manifold Assault (safe; 0% risk of failure)
Confirm with . or Enter, or press ? or * to list all spells.
Space momentarily warps into an impossible shape!
You closely miss the yellow draconian.
You perforate the yellow draconian like a sieve!!!
You stick the storm dragon like a pincushion!!!
Your +9 spectral giant spiked club {god gift} hits the yellow draconian!!
The green draconian hits you with a +0 hand axe.
The green draconian tail-slaps you but does no damage.
The yellow draconian hits your +9 spectral giant spiked club {god gift} with a +0 morningstar!
Your spectral weapon shares its damage with you!
The yellow draconian hits you but does no damage.
The green draconian monk hits you. The green draconian monk misses you.
The green draconian monk tail-slaps you but does no damage. x2
The purple draconian breathes dispelling energy at your +9 spectral giant spiked club {god gift}.
The bolt of dispelling energy hits your +9 spectral giant spiked club {god gift}!!
Your spectral weapon shares its damage with you!
Your +9 spectral giant spiked club {god gift} disappears.
Casting: Manifold Assault (safe; 0% risk of failure)
Confirm with . or Enter, or press ? or * to list all spells.
Space momentarily warps into an impossible shape!
The purple draconian roars!
You spit the yellow draconian like a pig!!!
You kill the yellow draconian!
Okawaru accepts your kill.
You puncture the green draconian! You closely miss the white draconian.
You barely miss the purple draconian.
Your +9 spectral giant spiked club {god gift} completely misses the purple draconian.
The green draconian barely misses you.
The green draconian tail-slaps you but does no damage.
The green draconian monk hits you but does no damage.
The green draconian monk kicks you but does no damage.
The green draconian monk tail-slaps you.
The green draconian monk tail-slaps you but does no damage.
The purple draconian hits you but does no damage.
Casting: Manifold Assault (safe; 0% risk of failure)
Confirm with . or Enter, or press ? or * to list all spells.
Space momentarily warps into an impossible shape!
You stick the storm dragon like a pincushion!!!
You kill the storm dragon!
Okawaru accepts your kill.
The storm dragon scales are intact enough to wear.
You skewer the green draconian monk like a kebab!!!
You impale the purple draconian!!
You kill the purple draconian!
Okawaru accepts your kill.
Your +9 spectral giant spiked club {god gift} completely misses the green draconian monk.
The green draconian completely misses you.
The green draconian tail-slaps you but does no damage.
The yellow draconian barely misses you.
The green draconian monk hits your +9 spectral giant spiked club {god gift}!!
Your spectral weapon shares its damage with you!
Your +9 spectral giant spiked club {god gift} disappears.
Casting: Manifold Assault (safe; 0% risk of failure)
Confirm with . or Enter, or press ? or * to list all spells.
Space momentarily warps into an impossible shape!
You closely miss the green draconian monk.
You bludgeon the green draconian!!
You kill the green draconian!
Okawaru accepts your kill.
You hit the yellow draconian.
You skewer the white draconian like a kebab!!!
Your +9 spectral giant spiked club {god gift} hits the white draconian but does no damage.
Your +9 spectral giant spiked club {god gift} hits the yellow draconian!!
Your +9 spectral giant spiked club {god gift} hits the green draconian monk!!!
The yellow draconian spits acid at you.
The glob of acid hits you but does no damage.
The green draconian monk hits your +9 spectral giant spiked club {god gift}!!
Your spectral weapon shares its damage with you!
Your +9 spectral giant spiked club {god gift} disappears.
You feel your strength returning.
Your Shapeshifting skill increases to level 17!
Casting: Manifold Assault (safe; 0% risk of failure)
Confirm with . or Enter, or press ? or * to list all spells.
Space momentarily warps into an impossible shape!
The green draconian monk roars!
You puncture the green draconian monk!
You hammer the white draconian like a gong!!!!
You kill the white draconian!
Okawaru accepts your kill.
You spit the yellow draconian like a pig!!!
You kill the yellow draconian!
Okawaru accepts your kill.
Your +9 spectral giant spiked club {god gift} hits the green draconian monk!!!
You kill the green draconian monk!
Okawaru accepts your kill.
Casting: Manifold Assault (safe; 0% risk of failure)
Confirm with . or Enter, or press ? or * to list all spells.
You can't see any susceptible monsters within range! (Use Z to cast anyway.) Unknown command.
You start resting.
Your +9 spectral giant spiked club {god gift} disappears.
Magic restored.
You start resting.
HP restored.
You climb upwards.
There is a stone staircase leading down here.
There is a stone staircase leading down here.
You climb downwards.
There is a stone staircase leading up here.
Casting: Manifold Assault (safe; 0% risk of failure)
Confirm with . or Enter, or press ? or * to list all spells.
Space momentarily warps into an impossible shape!
The moth of wrath's fur bristles in rage as it notices you.
You sock the moth of wrath!
Casting: Manifold Assault (safe; 0% risk of failure)
Confirm with . or Enter, or press ? or * to list all spells.
Space momentarily warps into an impossible shape!
You stick the moth of wrath like a pincushion!!!
You kill the moth of wrath!
Okawaru accepts your kill.
Magic restored.
There is a stone staircase leading up here.
You see here a moth of wrath corpse.
Done exploring.
Done exploring.
Done exploring.
Okay, then.
You can't go up here!
You see here a moth of wrath corpse.
There is a stone staircase leading up here.
You climb upwards.
There is a stone staircase leading down here.
There is a stone staircase leading down here.
You climb downwards.
There is a stone staircase leading up here.
Things that are here:
a +0 hand axe; a +0 mace; a green draconian skeleton
Things that are here:
a +0 glaive; a yellow draconian skeleton A shadow dragon is nearby!
You throw a large rock {god gift}.
The large rock {god gift} hits the shadow dragon.
The shadow dragon is lightly wounded.
You throw a large rock {god gift}.
The large rock {god gift} hits the shadow dragon!!
The shadow dragon is lightly wounded.
You throw a large rock {god gift}.
The large rock {god gift} hits the shadow dragon!!!
The shadow dragon is heavily wounded.
You throw a large rock {god gift}.
The large rock {god gift} hits the shadow dragon!!!
You kill the shadow dragon!
Okawaru accepts your kill.
The shadow dragon scales are intact enough to wear.
Unknown command.
W - 97 large rocks {god gift} (gained 1)
Things that are here:
+0 shadow dragon scales; a shadow dragon corpse
W - 98 large rocks {god gift} (gained 1)
W - 99 large rocks {god gift} (gained 1)
A moth of wrath comes into view.
There is a fountain of blood, spattered with blood here.
You see here a large rock {god gift}.
A moth of wrath is nearby!
You throw a large rock {god gift}.
The moth of wrath's fur bristles in rage as it notices you.
The large rock {god gift} hits the moth of wrath!!!
You kill the moth of wrath!
Okawaru accepts your kill.
W - 99 large rocks {god gift} (gained 1)
There is a fountain of blood, spattered with blood here.
Things that are here:
a +10 spectral club; a +10 club of holy wrath; a Killer Klown skeleton
f - 32 javelins (gained 3)
P - 7 datura-tipped darts {god gift} (gained 2)
W - 100 large rocks {god gift} (gained 1)
Items here: )) ÷÷.
Things that are here:
a +8 club of holy wrath; a Killer Klown skeleton
W - 101 large rocks {god gift} (gained 1)
Things that are here:
a +9 club; a moth of wrath corpse
W - 102 large rocks {god gift} (gained 1)
f - 36 javelins (gained 4);
r - 14 silver javelins
W - 103 large rocks {god gift} (gained 1)
r - 15 silver javelins (gained 1)
W - 104 large rocks {god gift} (gained 1)
Things that are here:
a +0 mace; a yellow draconian skeleton
Things that are here:
a +9 club; a moth of wrath corpse
Things that are here:
a +0 short sword; a white draconian skeleton
W - 105 large rocks {god gift} (gained 1)
W - 106 large rocks {god gift} (gained 1)
An electric golem comes into view.
You throw a large rock {god gift}.
The large rock {god gift} closely misses the electric golem.
You throw a large rock {god gift}.
The large rock {god gift} closely misses the electric golem.
The electric golem hurls lightning at you.
The bolt of lightning hits you. You resist.
You completely miss the electric golem.
Your +9 spectral giant spiked club {god gift} hits the electric golem!!
The electric golem crackles and sizzles.
The electric golem blinks!
Casting: Manifold Assault (safe; 0% risk of failure)
Confirm with . or Enter, or press ? or * to list all spells.
Space momentarily warps into an impossible shape!
You puncture the electric golem!
The electric golem hurls lightning at you.
The bolt of lightning hits you. You resist. The bolt of lightning misses you.
Casting: Manifold Assault (safe; 0% risk of failure)
Confirm with . or Enter, or press ? or * to list all spells.
Space momentarily warps into an impossible shape!
You closely miss the electric golem.
Casting: Manifold Assault (safe; 0% risk of failure)
Confirm with . or Enter, or press ? or * to list all spells.
Space momentarily warps into an impossible shape!
You closely miss the electric golem.
Your +9 spectral giant spiked club {god gift} barely misses the electric golem.
The electric golem hits you! The electric golem shocks you! You resist.
The electric golem hits you but does no damage. x2
The electric golem closely misses you. The electric golem misses you.
The electric golem hits you but does no damage. x2
The electric golem completely misses you.
Casting: Manifold Assault (safe; 0% risk of failure)
Confirm with . or Enter, or press ? or * to list all spells.
Space momentarily warps into an impossible shape!
You completely miss the electric golem.
Your +9 spectral giant spiked club {god gift} hits the electric golem!!
The electric golem hurls lightning at you.
The bolt of lightning hits you! You resist. The bolt of lightning misses you.
The bolt of lightning hits the electric golem.
The electric golem completely resists.
The bolt of lightning hits the electric golem.
The electric golem completely resists.
You closely miss the electric golem.
Your headbutt misses the electric golem.
The electric golem is heavily damaged.
Your +9 spectral giant spiked club {god gift} completely misses the electric golem.
The electric golem hurls lightning at you.
The bolt of lightning hits you. You resist. The bolt of lightning misses you.
The bolt of lightning misses the electric golem. x2
The electric golem hits you but does no damage.
The electric golem closely misses you.
The electric golem hits you but does no damage.
The electric golem misses you.
You hit the electric golem.
Your headbutt misses the electric golem.
The electric golem is heavily damaged.
Your +9 spectral giant spiked club {god gift} barely misses the electric golem.
The electric golem hits you but does no damage. x2
The electric golem closely misses you. x2
You spit the electric golem like a pig!!!
You destroy the electric golem!
Okawaru accepts your kill.
Your +9 spectral giant spiked club {god gift} disappears.
You feel your intelligence returning.
An electric golem comes into view.
You throw a large rock {god gift}.
The large rock {god gift} hits the electric golem!!
The electric golem is lightly damaged.
You throw a large rock {god gift}.
The large rock {god gift} barely misses the electric golem.
The electric golem blinks!
You throw a large rock {god gift}.
The large rock {god gift} barely misses the electric golem.
You throw a large rock {god gift}.
The large rock {god gift} hits the electric golem!!!
The electric golem is heavily damaged.
The electric golem hurls lightning at you.
The bolt of lightning misses you.
You miss the electric golem.
The electric golem is heavily damaged.
Your +9 spectral giant spiked club {god gift} barely misses the electric golem.
The electric golem hits you. The electric golem shocks you. You resist.
The electric golem hits you. The electric golem shocks you. You resist.
The electric golem hits you.
The electric golem hits you but does no damage.
The electric golem closely misses you.
The electric golem hits you but does no damage. x3
You hammer the electric golem like a gong!!!!
You destroy the electric golem!
Okawaru accepts your kill.
Your +9 spectral giant spiked club {god gift} disappears.
Your Throwing skill increases to level 21!
Magic restored.
HP restored.
W - 101 large rocks {god gift} (gained 1)
Found 8 stones.
W - 102 large rocks {god gift} (gained 1)
W - 103 large rocks {god gift} (gained 1)
W - 104 large rocks {god gift} (gained 1)
W - 105 large rocks {god gift} (gained 1)
W - 106 large rocks {god gift} (gained 1)
You now have 9213 gold pieces (gained 25).
Found a scimitar.
A storm dragon comes into view.
You throw a large rock {god gift}. The storm dragon roars deafeningly!
The large rock {god gift} hits the storm dragon!!!!
The storm dragon is severely wounded.
The storm dragon breathes lightning at you.
The bolt of lightning misses you.
You throw a large rock {god gift}.
The large rock {god gift} hits the storm dragon!
The storm dragon is almost dead.
You throw a large rock {god gift}.
The large rock {god gift} hits the storm dragon!!!
You kill the storm dragon!
Okawaru accepts your kill.
An Orb Guardian comes into view.
You see here a +2 quarterstaff of draining.
An Orb Guardian is nearby!
You throw a large rock {god gift}.
The large rock {god gift} hits the Orb Guardian!
The Orb Guardian is moderately wounded.
You throw a large rock {god gift}.
The large rock {god gift} hits the Orb Guardian!
The Orb Guardian is moderately wounded.
You crush the Orb Guardian like a grape!!!
You headbutt the Orb Guardian, but do no damage.
The Orb Guardian is almost dead.
Your +9 spectral giant spiked club {god gift} hits the Orb Guardian!!!
You kill the Orb Guardian!
Okawaru accepts your kill.
Your +9 spectral giant spiked club {god gift} disappears.
You yell at the Orb Guardian!
An Orb Guardian comes into view.
You see here a large rock {god gift}.
An Orb Guardian is nearby!
You throw a large rock {god gift}.
The large rock {god gift} misses the Orb Guardian.
You throw a large rock {god gift}.
The large rock {god gift} hits the Orb Guardian!!!
The Orb Guardian is severely wounded.
You perforate the Orb Guardian like a sieve!!!!
You kill the Orb Guardian!
Okawaru accepts your kill.
W - 100 large rocks {god gift} (gained 1)
W - 101 large rocks {god gift} (gained 1)
An Orb Guardian comes into view.
You throw a large rock {god gift}.
The large rock {god gift} hits the Orb Guardian!!
The Orb Guardian is moderately wounded.
You throw a large rock {god gift}.
The large rock {god gift} hits the Orb Guardian!
The Orb Guardian is moderately wounded.
The Orb Guardian enters a dispersal trap!
You blink.
The Orb Guardian blinks!
You throw a large rock {god gift}.
The large rock {god gift} hits the Orb Guardian!!!!
You kill the Orb Guardian!
Okawaru accepts your kill.
An Orb Guardian comes into view.
You throw a large rock {god gift}.
The large rock {god gift} closely misses the Orb Guardian.
You throw a large rock {god gift}.
The large rock {god gift} hits the Orb Guardian!!!
The Orb Guardian is severely wounded.
You puncture the Orb Guardian! Your headbutt misses the Orb Guardian.
The Orb Guardian is almost dead.
Your +9 spectral giant spiked club {god gift} hits the Orb Guardian!!
You kill the Orb Guardian!
Okawaru accepts your kill.
The Orb Guardian pulls the alarm!
The alarm trap emits a blaring wail!
A sentinel's mark forms upon you.
An Orb Guardian comes into view.
You hear a deafening roar!
You feel your dexterity returning.
Your +9 spectral giant spiked club {god gift} disappears.
An Orb Guardian comes into view.
The Orb Guardian enters a dispersal trap!
The Orb Guardian blinks!
The Orb Guardian drops a net on you.
You become entangled in the net!
The Orb Guardian blinks!
You blink.
Found a scroll of fear.
Casting: Manifold Assault (safe; 0% risk of failure)
Confirm with . or Enter, or press ? or * to list all spells.
Space momentarily warps into an impossible shape!
You closely miss the Orb Guardian. You impale the Orb Guardian!!
Your +9 spectral giant spiked club {god gift} hits the Orb Guardian!!!
The Orb Guardian hits your +9 spectral giant spiked club {god gift}!!
Your spectral weapon shares its damage with you!
The Orb Guardian drops a net on you.
You become entangled in the net!
The Orb Guardian hits your +9 spectral giant spiked club {god gift}!
Your spectral weapon shares its damage with you!
Your +9 spectral giant spiked club {god gift} disappears.
Casting: Manifold Assault (safe; 0% risk of failure)
Confirm with . or Enter, or press ? or * to list all spells.
Space momentarily warps into an impossible shape!
You bludgeon the Orb Guardian!!
You skewer the Orb Guardian like a kebab!!!
You kill the Orb Guardian!
Okawaru accepts your kill.
Casting: Manifold Assault (safe; 0% risk of failure)
Confirm with . or Enter, or press ? or * to list all spells.
Space momentarily warps into an impossible shape!
You impale the Orb Guardian!!
You hammer the Orb Guardian like a gong!!!!
You kill the Orb Guardian!
Okawaru accepts your kill.
You tear a large gash into the net.
An Orb Guardian comes into view.
You shred the net and break free!
Casting: Manifold Assault (safe; 0% risk of failure)
Confirm with . or Enter, or press ? or * to list all spells.
Space momentarily warps into an impossible shape!
You stick the Orb Guardian like a pincushion!!!
You spit the Orb Guardian like a pig!!!!
You kill the Orb Guardian!
Okawaru accepts your kill.
An Orb Guardian comes into view.
Casting: Manifold Assault (safe; 0% risk of failure)
Confirm with . or Enter, or press ? or * to list all spells.
Space momentarily warps into an impossible shape!
You closely miss the Orb Guardian.
You stick the Orb Guardian like a pincushion!!!
You kill the Orb Guardian!
Okawaru accepts your kill.
An Orb Guardian comes into view.
Casting: Manifold Assault (safe; 0% risk of failure)
Confirm with . or Enter, or press ? or * to list all spells.
Space momentarily warps into an impossible shape!
You spit the Orb Guardian like a pig!!!
You flatten the Orb Guardian like a pancake!!!
Casting: Manifold Assault (safe; 0% risk of failure)
Confirm with . or Enter, or press ? or * to list all spells.
Space momentarily warps into an impossible shape!
You barely miss the Orb Guardian.
You crush the Orb Guardian like a grape!!!!
You kill the Orb Guardian!
Okawaru accepts your kill.
You feel your intelligence returning.
Casting: Manifold Assault (safe; 0% risk of failure)
Confirm with . or Enter, or press ? or * to list all spells.
Space momentarily warps into an impossible shape!
You barely miss the Orb Guardian.
Casting: Manifold Assault (safe; 0% risk of failure)
Confirm with . or Enter, or press ? or * to list all spells.
Space momentarily warps into an impossible shape!
You barely miss the Orb Guardian.
Your +9 spectral giant spiked club {god gift} hits the Orb Guardian!!!
You kill the Orb Guardian!
Okawaru accepts your kill.
Your +9 spectral giant spiked club {god gift} disappears.
A storm dragon comes into view.
You throw a large rock {god gift}.
The large rock {god gift} hits the storm dragon!!!
The storm dragon is heavily wounded.
The sentinel's mark upon you fades away.
You throw a large rock {god gift}.
The large rock {god gift} barely misses the storm dragon.
The storm dragon breathes lightning at you.
The bolt of lightning hits you but does no damage.
You resist.
You throw a large rock {god gift}.
The large rock {god gift} hits the storm dragon!!
The storm dragon is severely wounded.
You throw a large rock {god gift}.
The large rock {god gift} hits the storm dragon!!!!
You kill the storm dragon!
Okawaru accepts your kill.
You start resting.
Magic restored.
W - 93 large rocks {god gift} (gained 1)
W - 94 large rocks {god gift} (gained 1)
W - 95 large rocks {god gift} (gained 1)
You see here a storm dragon corpse.
W - 96 large rocks {god gift} (gained 1)
W - 97 large rocks {god gift} (gained 1)
W - 98 large rocks {god gift} (gained 1)
W - 99 large rocks {god gift} (gained 1)
k - 8 scrolls of fear (gained 1)
W - 100 large rocks {god gift} (gained 1)
W - 101 large rocks {god gift} (gained 1)
W - 102 large rocks {god gift} (gained 1)
W - 103 large rocks {god gift} (gained 1)
W - 104 large rocks {god gift} (gained 1)
Found the Orb of Zot.
Found a ring of wizardry.
W - 105 large rocks {god gift} (gained 1)
Found a ring mail.
Found a ring mail.
A shadow dragon comes into view.
You yell at the shadow dragon!
A shadow dragon is nearby!
You throw a large rock {god gift}.
The large rock {god gift} hits the shadow dragon!!!
The shadow dragon is heavily wounded.
The shadow dragon breathes negative energy at you.
The bolt of negative energy hits you. You partially resist.
You feel drained.
You throw a large rock {god gift}.
The large rock {god gift} hits the shadow dragon!!!
The shadow dragon is almost dead.
The shadow dragon breathes negative energy at you.
The bolt of negative energy hits you. You partially resist.
You feel drained.
You throw a large rock {god gift}.
The large rock {god gift} closely misses the shadow dragon.
A shadow dragon is nearby!
You throw a large rock {god gift}.
The large rock {god gift} hits the shadow dragon!!!
You kill the shadow dragon!
Okawaru accepts your kill.
The shadow dragon scales are intact enough to wear.
HP restored.
You see here a +0 ring mail.
W - 102 large rocks {god gift} (gained 1)
Things that are here:
+0 shadow dragon scales; a shadow dragon corpse
W - 104 large rocks {god gift} (gained 2)
W - 105 large rocks {god gift} (gained 1)
Found a scroll of identify.
You see here a ring of wizardry.
You see here the Orb of Zot.
U - 34 atropa-tipped darts (gained 4) Done exploring.
Done exploring.
Done exploring.
Done exploring.
Done exploring.
You see here the Orb of Zot.
You begin untransforming.
You continue untransforming. x3
You revert to your normal fleshy form.
The +5 swamp dragon scales of the Blessed Realm {god gift, rPois Will+ Str+2} unmelds from your body.
Okay, then.
You can't go up here!
You pick up the Orb of Zot!
The Orb lets out an ear-shattering shriek!
The lords of Pandemonium are not amused.
Beware!
Now all you have to do is get back out of the dungeon!
You enter a permanent teleport trap!
Your surroundings suddenly seem different.
A neqoxec comes into view.
Casting: Manifold Assault (safe; 0% risk of failure)
Confirm with . or Enter, or press ? or * to list all spells.
Space momentarily warps into an impossible shape!
You beat the neqoxec like a drum!!!
You kill the neqoxec!
Okawaru accepts your kill. Okawaru grants you throwing weapons!
Something appears at your feet!
You enter a permanent teleport trap!
Your surroundings suddenly seem different.
A Tzitzimitl comes into view.
You completely miss the Tzitzimitl.
You headbutt the Tzitzimitl, but do no damage.
Your +9 spectral giant spiked club {god gift} hits the Tzitzimitl but does no damage.
You bludgeon the Tzitzimitl!!
The Tzitzimitl is moderately wounded.
Your +9 spectral giant spiked club {god gift} hits the Tzitzimitl.
You pound the Tzitzimitl like an anvil!!!
The Tzitzimitl is severely wounded.
Your +9 spectral giant spiked club {god gift} hits the Tzitzimitl.
The Tzitzimitl calls on the powers of darkness!
Your body is wracked with pain!
You skewer the Tzitzimitl like a kebab!!!
You kill the Tzitzimitl!
Okawaru accepts your kill.
Your +9 spectral giant spiked club {god gift} disappears.
You feel your intelligence returning.
Your life force feels restored.
A glowing orange brain comes into view.
You yell at the glowing orange brain!
The glowing orange brain moves out of view.
Things that are here:
a +10 spectral club; a +10 club of holy wrath; a Killer Klown skeleton
Things that are here:
+0 shadow dragon scales; a shadow dragon skeleton
Items here: [[ ÷÷.
The glowing orange brain pulsates.
The glowing orange brain radiates an aura of fear!
You resist with almost no effort.
There is a stone staircase leading up here.
The glowing orange brain pulsates.
Something gnaws on your mind!
You feel your power leaking away.
You climb upwards.
There is a stone staircase leading down here.
There is an escape hatch in the floor here.
There is an open door here.
Something hits you!
You feel your power leaking away.
Deactivating autopickup; reactivate with Ctrl-A.
You're wearing all the rings you can.
Remove which one? (? for menu, Esc to cancel) < or
V - the ring "Salul" {rPois Will+ rCorr} > or
j - the ring of the Echidna {rF+ rN+ MP+9 Int+2} You remove the ring "Salul" {rPois Will+ rCorr}.
Reactivating autopickup.
M - a ring of see invisible (left hand)
A lorocyproca comes into view.
Casting: Manifold Assault (safe; 0% risk of failure)
Confirm with . or Enter, or press ? or * to list all spells.
Space momentarily warps into an impossible shape!
You spit the lorocyproca like a pig!!!!
You kill the lorocyproca!
Okawaru accepts your kill.
There is an open door, spattered with blood here.
Things that are here:
a +2 cloak; a green draconian skeleton A sun demon comes into view.
Casting: Manifold Assault (safe; 0% risk of failure)
Confirm with . or Enter, or press ? or * to list all spells.
Space momentarily warps into an impossible shape!
You closely miss the sun demon.
Casting: Manifold Assault (safe; 0% risk of failure)
Confirm with . or Enter, or press ? or * to list all spells.
Space momentarily warps into an impossible shape!
You impale the sun demon!!
Casting: Manifold Assault (safe; 0% risk of failure)
Confirm with . or Enter, or press ? or * to list all spells.
Space momentarily warps into an impossible shape!
You impale the sun demon!!
Casting: Manifold Assault (safe; 0% risk of failure)
Confirm with . or Enter, or press ? or * to list all spells.
Space momentarily warps into an impossible shape!
You stick the sun demon like a pincushion!!!
You kill the sun demon!
Okawaru accepts your kill.
There is an open door here.
Items here: ) [ ÷÷.
There is an open door here.
Magic restored.
There is an open door here.
There is an open gate here.
There is an open gate here.
There is a stone staircase leading up here.
You climb upwards.
The protean progenitor gurgles horribly!
There is a stone staircase leading down here.
A chaos spawn comes into view.
You can't go up here!
There is a stone staircase leading up here.
You climb upwards.
There is a stone staircase leading down here.
There is an open door here.
There is an open door here.
Things that are here:
a +0 short sword; a +0 short sword; a purple draconian skeleton A ynoxinul comes into view.
You bludgeon the ynoxinul!!
You kill the ynoxinul!
Okawaru accepts your kill.
Okay, then.
There is an escape hatch in the floor, spattered with blood here.
There is an escape hatch in the ceiling here.
A mysterious force pulls you upwards. The hatch slams shut behind you.
Level annotation: 3 runed translucent doors, Fiowez's ghost, veteran HuAl A hell beast comes into view.
You can't go up here!
Aiming: Dig
Press: ? - help, Shift-Dir - straight line A rock wall.
This square is covered in magical glow.
The rock shatters into small pieces.
A hell beast is nearby!
There is a gate leading back out of this place, spattered with blood here.
The hell beast bites you but does no damage.
The hell beast tramples you!
You stumble backwards!
You stop ascending the stairs.
You closely miss the hell beast.
Your +9 spectral giant spiked club {god gift} closely misses the hell beast.
The hell beast barely misses you. The hell beast tramples you.
You stumble backwards!
You crush the hell beast like a grape!!!
Your headbutt misses the hell beast.
The hell beast is severely wounded.
Your +9 spectral giant spiked club {god gift} hits the hell beast!
The hell beast bites your +9 spectral giant spiked club {god gift}!!
Your spectral weapon shares its damage with you!
The hell beast barely misses your +9 spectral giant spiked club {god gift}.
You impale the hell beast!!
You kill the hell beast!
Okawaru accepts your kill.
Your +9 spectral giant spiked club {god gift} disappears.
A green death comes into view.
There is a gate leading back out of this place, spattered with blood here.
The green death gestures at you.
The blast of poison engulfs you but does no damage.
You are poisoned.
You resist.
You go up through the gate.
Welcome back to the Depths!
You feel very sick.
There is a gate to the Realm of Zot, spattered with blood here.
You feel sick.
You feel sick.
There is an open door, spattered with blood here.
Things that are here:
a +0 cloak; a +0 whip You feel sick.
You feel sick.
You feel sick.
You feel sick.
You feel sick.
You are no longer poisoned.
There is a stone staircase leading up here.
You climb upwards.
There is a stone staircase leading down here.
There is a stone staircase leading up here.
You climb upwards.
There is a stone staircase leading down here.
There is a stone staircase leading up, spattered with blood here.
You climb upwards.
There is a stone staircase leading down here.
An Orb Guardian comes into view.
A sun demon comes into view.
You can't go up here!
Casting: Manifold Assault (safe; 0% risk of failure)
Confirm with . or Enter, or press ? or * to list all spells.
Space momentarily warps into an impossible shape!
You bludgeon the sun demon!! You bludgeon the Orb Guardian!!
Casting: Manifold Assault (safe; 0% risk of failure)
Confirm with . or Enter, or press ? or * to list all spells.
Space momentarily warps into an impossible shape!
You crush the sun demon like a grape!!!!
You kill the sun demon!
Okawaru accepts your kill.
You impale the Orb Guardian!!
Your +9 spectral giant spiked club {god gift} hits the Orb Guardian!!!
You kill the Orb Guardian!
Okawaru accepts your kill.
Your +9 spectral giant spiked club {god gift} disappears.
You see here a fire dragon skeleton.
There is a staircase back to the Dungeon here.
You climb upwards.
Welcome back to the Dungeon!
There is a staircase to the Depths here.
Magic restored.
An Orb Guardian comes into view.
You can't go up here!
The Orb Guardian hits you!
There is a stone staircase leading up, spattered with blood here.
You closely miss the Orb Guardian.
Your +9 spectral giant spiked club {god gift} closely misses the Orb Guardian.
The Orb Guardian hits you!!
You barely miss the Orb Guardian.
You headbutt the Orb Guardian, but do no damage.
Your +9 spectral giant spiked club {god gift} hits the Orb Guardian.
The Orb Guardian hits you but does no damage.
You impale the Orb Guardian!!
The Orb Guardian is moderately wounded.
Your +9 spectral giant spiked club {god gift} hits the Orb Guardian!
The Orb Guardian completely misses you.
You bludgeon the Orb Guardian!!
You headbutt the Orb Guardian, but do no damage.
The Orb Guardian is almost dead.
Your +9 spectral giant spiked club {god gift} closely misses the Orb Guardian.
The Orb Guardian hits you!!
You barely miss the Orb Guardian. You headbutt the Orb Guardian.
The Orb Guardian is almost dead.
Your +9 spectral giant spiked club {god gift} hits the Orb Guardian!!!
You kill the Orb Guardian!
Okawaru accepts your kill.
Your +9 spectral giant spiked club {god gift} disappears.
You climb upwards.
There is a stone staircase leading down, spattered with blood here.
An Orb Guardian comes into view.
You can't go up here!
There is a stone staircase leading up, spattered with blood here.
You climb upwards.
Level annotation: Rupert
There is a stone staircase leading down, spattered with blood here.
You see here a +0 long sword.
An Orb Guardian comes into view.
You can't go up here!
Casting: Manifold Assault (safe; 0% risk of failure)
Confirm with . or Enter, or press ? or * to list all spells.
Space momentarily warps into an impossible shape!
You hit the Orb Guardian but do no damage.
Casting: Manifold Assault (safe; 0% risk of failure)
Confirm with . or Enter, or press ? or * to list all spells.
Space momentarily warps into an impossible shape!
You closely miss the Orb Guardian.
Casting: Manifold Assault (safe; 0% risk of failure)
Confirm with . or Enter, or press ? or * to list all spells.
Space momentarily warps into an impossible shape!
You bludgeon the Orb Guardian!!
Casting: Manifold Assault (safe; 0% risk of failure)
Confirm with . or Enter, or press ? or * to list all spells.
Space momentarily warps into an impossible shape!
You hit the Orb Guardian.
Casting: Manifold Assault (safe; 0% risk of failure)
Confirm with . or Enter, or press ? or * to list all spells.
Space momentarily warps into an impossible shape!
You puncture the Orb Guardian!
Your +9 spectral giant spiked club {god gift} hits the Orb Guardian!!
The Orb Guardian hits your +9 spectral giant spiked club {god gift}!!
Your spectral weapon shares its damage with you!
Your +9 spectral giant spiked club {god gift} disappears.
Casting: Manifold Assault (safe; 0% risk of failure)
Confirm with . or Enter, or press ? or * to list all spells.
Space momentarily warps into an impossible shape!
You skewer the Orb Guardian like a kebab!!!
You kill the Orb Guardian!
Okawaru accepts your kill.
A large abomination comes into view.
You can't go up here!
There is a stone staircase leading up here.
You climb upwards.
There is a stone staircase leading down, spattered with blood here.
Things that are here:
a +0 orcbow; a centaur skeleton Magic restored.
There is a stone staircase leading up here.
You climb upwards.
There is a stone staircase leading down here.
A shadow demon comes into view.
You can't go up here!
The shadow demon moves out of view.
There is a stone staircase leading up here.
You climb upwards.
There is a stone staircase leading down here.
A hellion comes into view.
Casting: Manifold Assault (safe; 0% risk of failure)
Confirm with . or Enter, or press ? or * to list all spells.
Space momentarily warps into an impossible shape!
The hellion gives a hideous shriek!
You hit the hellion.
Casting: Manifold Assault (safe; 0% risk of failure)
Confirm with . or Enter, or press ? or * to list all spells.
Space momentarily warps into an impossible shape!
You hit the hellion.
Casting: Manifold Assault (safe; 0% risk of failure)
Confirm with . or Enter, or press ? or * to list all spells.
Space momentarily warps into an impossible shape!
You barely miss the hellion.
Your +9 spectral giant spiked club {god gift} hits the hellion.
You barely miss the hellion. You headbutt the hellion!
The hellion is heavily wounded.
Your +9 spectral giant spiked club {god gift} hits the hellion.
The hellion hits you but does no damage.
You impale the hellion!!
You kill the hellion!
Okawaru accepts your kill.
Your +9 spectral giant spiked club {god gift} disappears.
A tormentor comes into view.
You can't go up here!
Casting: Manifold Assault (safe; 0% risk of failure)
Confirm with . or Enter, or press ? or * to list all spells.
Space momentarily warps into an impossible shape!
You barely miss the tormentor.
Your +9 spectral giant spiked club {god gift} hits the tormentor.
Casting: Manifold Assault (safe; 0% risk of failure)
Confirm with . or Enter, or press ? or * to list all spells.
Space momentarily warps into an impossible shape!
You sock the tormentor!
Your +9 spectral giant spiked club {god gift} hits the tormentor!!
Casting: Manifold Assault (safe; 0% risk of failure)
Confirm with . or Enter, or press ? or * to list all spells.
Space momentarily warps into an impossible shape!
You completely miss the tormentor.
Your +9 spectral giant spiked club {god gift} barely misses the tormentor.
You closely miss the tormentor.
The tormentor is almost dead.
Your +9 spectral giant spiked club {god gift} hits the tormentor!
You kill the tormentor!
Okawaru accepts your kill.
You can't go up here!
Your +9 spectral giant spiked club {god gift} disappears.
There is an escape hatch in the floor here.
There is an escape hatch in the ceiling here.
A mysterious force pulls you upwards. The hatch slams shut behind you.
Magic restored.
There is a stone staircase leading up here.
You climb upwards.
There is a stone staircase leading down here.
Things that are here:
a +0 robe; a +3 falchion
There is a stone staircase leading up here.
You climb upwards.
Level annotation: poison vault
There is a stone staircase leading down here.
HP restored.
There is a stone staircase leading up, spattered with blood here.
You climb upwards.
There is a stone staircase leading down here.
An Orb Guardian comes into view.
You can't go up here!
Casting: Manifold Assault (safe; 0% risk of failure)
Confirm with . or Enter, or press ? or * to list all spells.
Space momentarily warps into an impossible shape!
You skewer the Orb Guardian like a kebab!!!
Casting: Manifold Assault (safe; 0% risk of failure)
Confirm with . or Enter, or press ? or * to list all spells.
Space momentarily warps into an impossible shape!
You closely miss the Orb Guardian.
Casting: Manifold Assault (safe; 0% risk of failure)
Confirm with . or Enter, or press ? or * to list all spells.
Space momentarily warps into an impossible shape!
You stick the Orb Guardian like a pincushion!!!
You kill the Orb Guardian!
Okawaru accepts your kill.
Magic restored.
There is an open door here.
Things that are here:
a +0 dagger; an orc skeleton
There is a stone staircase leading up here.
You climb upwards.
There is a stone staircase leading down, spattered with blood here.
There is an escape hatch in the ceiling here.
A mysterious force pulls you upwards. The hatch slams shut behind you.
There is an open door here.
An Orb Guardian comes into view.
You can't go up here!
Casting: Manifold Assault (safe; 0% risk of failure)
Confirm with . or Enter, or press ? or * to list all spells.
Space momentarily warps into an impossible shape!
You completely miss the Orb Guardian.
Casting: Manifold Assault (safe; 0% risk of failure)
Confirm with . or Enter, or press ? or * to list all spells.
Space momentarily warps into an impossible shape!
You miss the Orb Guardian.
Casting: Manifold Assault (safe; 0% risk of failure)
Confirm with . or Enter, or press ? or * to list all spells.
Space momentarily warps into an impossible shape!
You impale the Orb Guardian!!
Casting: Manifold Assault (safe; 0% risk of failure)
Confirm with . or Enter, or press ? or * to list all spells.
Space momentarily warps into an impossible shape!
You beat the Orb Guardian like a drum!!!
Casting: Manifold Assault (safe; 0% risk of failure)
Confirm with . or Enter, or press ? or * to list all spells.
Space momentarily warps into an impossible shape!
You barely miss the Orb Guardian.
Your +9 spectral giant spiked club {god gift} hits the Orb Guardian!!!
You kill the Orb Guardian!
Okawaru accepts your kill.
Your +9 spectral giant spiked club {god gift} disappears.
An Orb Guardian comes into view.
You can't go up here!
There is a stone staircase leading up here.
You climb upwards.
Level annotation: exclusion: sky beast
There is a stone staircase leading down here.
There is a stone staircase leading up here.
You climb upwards.
There is a stone staircase leading down here.
Magic restored.
You hear a grinding noise.
A cacodemon comes into view.
The cacodemon shouts!
A demonspawn corrupter comes into view. It is wielding a +0 glaive.
The cacodemon gestures at the rock wall.
You hear a grinding noise.
You can't go up here!
You feel yourself speed up.
The demonspawn corrupter calls forth creatures from the Tomb of the Ancients!
You hear a grinding noise.
There is a stone staircase leading up here.
A sphinx is nearby!
You hear a grinding noise.
You climb upwards.
There is a stone staircase leading down here.
Your extra speed is starting to run out.
Things that are here:
a +0 dagger; a +0 whip; a kobold skeleton You feel yourself slow down.
There is a staircase leading out of the dungeon here.
You have escaped!

#......####.............#
#......# #########.....# #......#
###'### #......# #.#
#......##############.#
###..)................#
#)###################
##.##########################
#..#.#.....#..@.....#..#....#
###..#.#..#..#.....#..........###
.......#..#..#.....#..#..#..#...#
####............................#
#^#.......#..#..#..#..#..#.#.# #
##.#.#..#.....#..#.....#..#.#.#
###..##########################.#
÷.#.## ###.# #.#.# ########...#


There were no monsters in sight!

Vanquished Creatures
  5 ancient liches
  A dread lich (Zot:5)
  5 orbs of fire
  Xtahua (Vaults:4)
  A juggernaut (Depths:3)
  A royal mummy (WizLab)
  8 Killer Klowns
  Saint Roka (Vaults:4)
  4 curse toes
  A caustic shrike (Depths:3)
  9 golden dragons
  A Tzitzimitl (Zot:5)
  4 electric golems
  Jorgrun (Spider:2)
  30 Orb Guardians
  18 tentacled monstrosities
  6 liches
  A walking frostbound tome (Depths:3)
  2 walking divine tomes (Depths:3)
  2 acid blobs (Depths:4)
  3 deep elf blademasters
  9 quicksilver dragons
  17 death cobs
  4 titans (Vaults:5)
  A deep elf master archer (Elf:3)
  7 sphinxes
  17 shadow dragons
  9 tengu reavers
  Agnes (Elf:1)
  Roxanne (D:15)
  5 draconian knights
  Donald (Shoals:3)
  2 rockslimes (Depths:4)
  2 revenants (Crypt:1)
  8 draconian monks
  15 storm dragons
  9 protean progenitors
  4 azure jellies (Depths:4)
  5 draconian shifters
  14 emperor scorpions
  13 deep elf sorcerers
  A caustic shrike zombie (Crypt:3)
  8 fire giants
  2 balrugs (Crypt:3)
  6 deep elf elementalists (Elf:3)
  6 draconian scorchers
  7 frost giants
  A cacodemon (Depths:2)
  8 ghost moths
  21 vault wardens
  4 angels (Zot:1)
  7 ghouls (Crypt:2)
  12 draconian stormcallers
  3 curse skulls
  2 orc warlords
  A reaper (Depths:3)
  3 draconian annihilators
  3 quicksilver oozes (Depths:4)
  18 stone giants
  20 ironbound preservers
  23 very ugly things
  5 ironbound thunderhulks
  3 broodmothers
  5 vampire knights
  5 formless jellyfish
  A caustic shrike skeleton (Crypt:3)
  13 green draconians
  6 deep elf death magi
  18 black draconians
  4 deep elf demonologists
  A wendigo (Depths:2)
  3 dire elephants (Vaults:2)
  13 purple draconians
  7 spark wasps
  6 deep elf annihilators
  4 war gargoyles
  10 white draconians
  A lorocyproca (Zot:4)
  13 yellow draconians
  2 bunyips (Zot:4)
  10 ettins
  4 eidola
  Snorg (D:10)
  3 minotaurs (Shoals:4)
  A blizzard demon (Depths:3)
  7 entropy weavers
  10 red draconians
  6 jiangshi
  A mummy priest (WizLab)
  5 merfolk impalers
  12 deep elf high priests
  A green death (Depths:3)
  2 merfolk javelineers (Shoals:3)
  10 yaktaur captains
  An ettin (shapeshifter) (Vaults:5)
  9 great orbs of eyes
  6 fire dragons
  33 vault guards
  8 ice dragons
  3 rakshasas
  2 spriggan air magi (Depths:3)
  4 radroaches
  A jorogumo (Spider:3)
  A peacekeeper (Vaults:2)
  A hell beast (Zot:1)
  3 hydras
  22 centaur warriors
  A merfolk avatar (Lair:5)
  6 ogre magi
  3 merfolk aquamancers
  5 death knights
  22 two-headed ogres
  2 alligators (Depths:4)
  7 ironbound frosthearts
  35 dancing weapons
  5 death yaks
  A boulder beetle (shapeshifter) (Depths:3)
  4 boulder beetles
  7 deep troll earth magi
  4 demonic crawlers
  The ghost of ranchalot the Geomancer, a novice MDEE (D:8)
  10 deep troll shamans
  A two-headed ogre (shapeshifter) (Vaults:5)
  11 satyrs
  3 vampire magi
  3 orc high priests
  4 sun demons
  4 tengu warriors
  A quicksilver ooze zombie (Crypt:2)
  An occultist (Depths:2)
  Urug (D:10)
  14 deep elf knights
  Nergalle (Lair:1)
  3 soul eaters
  12 hell knights
  4 spriggan berserkers
  3 shadow wraiths
  5 iron trolls
  A salamander mystic (Depths:1)
  An anaconda zombie (Crypt:3)
  13 skeletal warriors
  5 skysharks
  11 pharaoh ants
  A golden dragon zombie (Depths:2)
  11 sea snakes
  2 orb spiders (shapeshifter) (Depths:3)
  A sea snake (shapeshifter) (Elf:2)
  9 arcanists
  An obsidian statue (Depths:3)
  2 sun moths (shapeshifter) (Vaults:5)
  10 bog bodies (Crypt:2)
  14 flayed ghosts
  4 sun moths
  A tengu zombie (Vaults:3)
  7 orb spiders
  13 ironbound convokers
  4 glowing orange brains
  18 phantasmal warriors
  8 harpies
  9 deep elf archers
  A shadow dragon zombie (WizLab)
  A steelbarb worm (shapeshifter) (Depths:4)
  4 lindwurms
  49 deep trolls
  An anaconda skeleton (Crypt:3)
  9 steelbarb worms
  30 deep elf pyromancers
  38 deep elf zephyrmancers
  5 necromancers
  19 fauns
  2 fire giant zombies
  4 salamanders (Depths:2)
  The ghost of lunkers the Slicer, a novice CoAr of Gozag (D:6)
  4 orc knights
  18 wolf spiders
  A tengu skeleton (Depths:2)
  3 orc sorcerers
  A shining eye (Depths:4)
  44 ugly things
  2 stone giant zombies
  29 moths of wrath
  8 cyclopes
  Maurice (Orc:2)
  A cyclops (shapeshifter) (Vaults:5)
  15 manticores
  A shock serpent zombie (Crypt:2)
  9 elephants
  4 kobold blastminers (Orc:2)
  2 water nymphs
  6 merfolk sirens
  A demonspawn zombie (WizLab)
  A meliai (D:13)
  A mana viper zombie (Crypt:1)
  17 vault sentinels
  2 rust devils (Depths:3)
  6 smoke demons
  6 gargoyles
  A water nymph (shapeshifter) (Vaults:5)
  A cane toad (shapeshifter) (D:13)
  5 torpor snails
  9 cane toads
  A black draconian zombie (Crypt:1)
  A dire elephant skeleton (Crypt:3)
  Maggie (D:10)
  16 yaktaurs
  A centaur skeleton (Crypt:3)
  An unseen horror (shapeshifter) (D:15)
  2 unseen horrors
  7 rime drakes
  8 komodo dragons
  2 hellions
  6 guardian mummies (WizLab)
  3 tengu conjurers
  4 freezing wraiths
  3 efreet (D:15)
  19 merfolk
  A minotaur skeleton (Crypt:3)
  A queen bee (Lair:2)
  2 tormentors
  A red devil (Depths:3)
  A yellow draconian skeleton (Crypt:1)
  A human skeleton (Vaults:3)
  8 polar bears
  A merfolk (shapeshifter) (Depths:4)
  16 trolls
  A harpy skeleton (Crypt:3)
  5 wind drakes
  Prince Ribbit (Lair:3)
  A raiju (shapeshifter) (D:14)
  7 snapping turtles
  4 hornets
  2 glass eyes
  19 blink frogs
  A wind drake (shapeshifter) (Elf:1)
  33 tarantellas
  2 raiju (Zot:1)
  A dream sheep (shapeshifter) (Vaults:1)
  3 spriggan zombies
  5 dream sheep (Shoals:3)
  28 jumping spiders
  3 frost giant simulacra (Depths:2)
  30 slime creatures
  2 ynoxinuls
  3 spriggans
  A spriggan (shapeshifter) (Zot:1)
  An ice dragon skeleton (Crypt:2)
  9 shadows (Crypt:3)
  A black mamba zombie (Crypt:3)
  13 wraiths
  6 vampires
  A small abomination (D:4)
  9 wyverns
  5 basilisks
  17 culicivoras
  16 water elementals
  5 air elementals
  2 wargs (Orc:2)
  Grum (D:10)
  50 yaks
  5 golden eyes (Depths:4)
  A human (D:11)
  The ghost of tigertrap the Cutter, an amateur DgFi (D:4)
  A neqoxec (Zot:5)
  5 steam dragons
  3 fire elementals
  54 redbacks
  7 vampire mosquitoes
  A chaos spawn (Zot:1)
  A fire bat zombie (Crypt:2)
  A two-headed ogre zombie (Crypt:2)
  A deep troll zombie (Crypt:1)
  Duvessa (D:5)
  A glowing shapeshifter zombie (WizLab)
  Menkaure (D:4)
  5 acid dragons
  18 water moccasins
  2 ogre zombies (WizLab)
  14 orc warriors
  A faun skeleton (Crypt:1)
  4 ice beasts
  3 sky beasts
  3 black bears
  8 laughing skulls
  5 boggarts (Vaults:3)
  10 wolves
  13 centaurs
  22 ogres
  2 kobold brigands
  11 bullfrogs
  3 human zombies
  An earth elemental (Elf:2)
  4 scorpions
  A cyclops skeleton (Crypt:2)
  2 burial acolytes (D:7)
  12 wights
  34 killer bees
  Dowan (D:5)
  A howler monkey (D:12)
  An electric eel (Lair:4)
  A centaur zombie (D:7)
  A wolf skeleton (Crypt:1)
  A crimson imp (D:11)
  A quasit (D:4)
  4 hounds
  A bullfrog skeleton (Crypt:1)
  2 gnoll boudas
  8 orc priests
  An iron imp (D:4)
  2 jellies
  A sleepcap (D:8)
  A basilisk skeleton (Crypt:1)
  6 iguanas
  Natasha (thrice) (D:4)
  9 orc wizards
  5 hell rats
  An ogre skeleton (Crypt:2)
  4 gnolls
  A swamp drake zombie (Crypt:1)
  11 adders
  A swamp drake skeleton (Crypt:1)
  A white imp (D:6)
  An ufetubus (D:4)
  An adder zombie (Crypt:1)
  A dart slug (D:4)
  26 orcs
  8 bats
  6 endoplasms
  7 giant cockroaches
  20 goblins
  11 hobgoblins
  2 jackals (D:5)
  2 quokkas
  8 ball pythons
  A frilled lizard (D:3)
  A gnoll zombie (Ossuary)
  15 kobolds
  2 kobold zombies (Ossuary)
  An orc skeleton (Crypt:1)
  6 rats
  7 aspiring fleshes
  2 spectral weapons
2239 creatures vanquished.

Vanquished Creatures (others)
  An ogre mage (D:15)
  A deep elf knight (Elf:1)
  A manticore (Shoals:4)
  63 spectral weapons
66 creatures vanquished.

Grand Total: 2305 creatures vanquished

Notes
Turn   | Place    | Note
-------+----------+-------------------------------------------
     0 | D:1      | sleeves the Oni Warper began the quest for the Orb.
     0 | D:1      | Reached XP level 1. HP: 22/22 MP: 3/3
   111 | D:1      | Reached XP level 2. HP: 18/29 MP: 5/5
   196 | D:1      | Reached skill level 3 in Maces & Flails
   569 | D:1      | Reached XP level 3. HP: 31/36 MP: 6/6
  1492 | D:3      | Reached skill level 4 in Maces & Flails
  1577 | D:3      | Found a stormy altar of Qazlal.
  1577 | D:3      | Noticed a sky beast
  1595 | D:3      | Reached XP level 4. HP: 44/44 MP: 7/7
  2212 | D:4      | Found a white marble altar of Elyvilon.
  2214 | D:4      | Found a glowing silver altar of Zin.
  2256 | D:4      | Noticed a black bear
  2269 | D:4      | Killed a black bear
  2270 | D:4      | Reached skill level 5 in Maces & Flails
  2270 | D:4      | Reached XP level 5. HP: 28/50 MP: 5/8
  2380 | D:4      | Reached skill level 6 in Maces & Flails
  2380 | D:4      | Reached XP level 6. HP: 51/59 MP: 7/9
  2437 | D:4      | Found a transporter.
  2438 | D:4      | Noticed a small abomination
  2449 | D:4      | Noticed tigertrap's ghost (amateur DgFi)
  2524 | D:4      | Found a sand-covered staircase.
  2535 | Ossuary  | Entered an ossuary
  2791 | D:4      | HP: 28/59 [scorpion (6)]
  2796 | D:4      | HP: 20/59 [poisoned by a scorpion]
  2957 | D:4      | Found a transporter.
  3000 | D:4      | Reached skill level 7 in Maces & Flails
  3067 | D:4      | Noticed Menkaure
  3164 | D:4      | Found a shadowy altar of Dithmenos.
  3219 | D:4      | Killed Menkaure
  3220 | D:4      | Reached XP level 7. HP: 51/66 MP: 8/10
  3309 | D:4      | Noticed Natasha
  3315 | D:4      | Killed Natasha
  3538 | D:4      | Noticed Natasha
  3545 | D:4      | Killed Natasha
  3546 | D:4      | Reached skill level 8 in Maces & Flails
  3635 | D:4      | Found a glowing golden altar of the Shining One.
  3678 | D:5      | Entered Level 5 of the Dungeon
  3701 | D:4      | Noticed Natasha
  3708 | D:4      | Killed Natasha
  3815 | D:5      | You fall into a shaft and drop 1 floor!
  3911 | D:5      | Noticed Duvessa
  4209 | D:5      | Found a staircase to the Ecumenical Temple.
  4246 | D:4      | HP: 33/66 [ufetubus (1)]
  4252 | D:4      | HP: 26/66 [hound (2)]
  4417 | Temple   | Entered the Ecumenical Temple
  4431 | Temple   | Became a worshipper of Warmaster Okawaru
  4788 | D:5      | Reached skill level 2 in Throwing
  4788 | D:5      | Reached XP level 8. HP: 43/74 MP: 6/11
  4848 | D:5      | Reached skill level 9 in Maces & Flails
  5047 | D:5      | Noticed Dowan
  5628 | D:6      | Noticed a cyclops
  5630 | D:6      | Noticed lunkers's ghost (novice CoAr)
  5633 | D:6      | Found a transporter.
  5673 | D:6      | Reached skill level 3 in Throwing
  5923 | D:6      | Found a transporter.
  6434 | D:6      | Reached skill level 4 in Throwing
  6969 | D:7      | Found a flagged portal.
  6988 | Bailey   | Entered a bailey
  7014 | Bailey   | Reached * piety under Okawaru
  7020 | Bailey   | HP: 33/74 [goblin/+0 hand axe (5)]
  7026 | Bailey   | HP: 23/74 [hobgoblin/+0 hand axe (5)]
  7324 | Bailey   | Reached skill level 10 in Maces & Flails
  7324 | Bailey   | Reached skill level 5 in Throwing
  7360 | Bailey   | Noticed an orc knight
  7498 | D:7      | Reached XP level 9. HP: 73/80 MP: 10/12
  7855 | D:7      | HP: 38/80 [asphyx]
  7858 | D:7      | HP: 17/80 [poisoned by a kobold brigand (curare-tipped
                  | dart)]
  7863 | D:7      | HP: 11/80 [poisoned by a kobold brigand (curare-tipped
                  | dart)]
  8005 | D:7      | HP: 40/80 [poisoned by a killer bee]
  8010 | D:7      | HP: 36/80 [poisoned by a killer bee]
  8157 | D:7      | HP: 39/80 [sky beast (5)]
  8377 | D:7      | HP: 39/80 [killer bee (3)]
  8382 | D:7      | HP: 30/80 [poisoned by a killer bee]
  8574 | D:7      | Reached skill level 6 in Throwing
  8718 | D:7      | Found a basalt altar of Yredelemnul.
  8718 | D:7      | Found a transporter.
  8718 | D:7      | Found an ancient bone altar of Kikubaaqudgha.
  8738 | D:7      | Found a transporter.
  8760 | D:7      | Noticed a boulder beetle
  8847 | D:7      | Noticed a hornet
  8904 | D:7      | HP: 34/80 [wight/+2 hand axe of freezing (10)]
  9258 | D:8      | Found a transporter.
  9258 | D:8      | Noticed ranchalot's ghost (novice MDEE)
  9258 | D:8      | Noticed a moth of wrath
  9286 | D:8      | Found a transporter.
  9775 | D:8      | Noticed a troll
 10097 | D:8      | HP: 39/80 [troll (3)]
 10359 | D:8      | Found a staircase to the Lair.
 10876 | D:10     | Entered Level 10 of the Dungeon
 10973 | D:9      | Reached ** piety under Okawaru
 10974 | D:9      | Reached skill level 11 in Maces & Flails
 11136 | D:9      | Noticed a troll
 11146 | D:9      | Killed a troll
 11147 | D:9      | Reached skill level 7 in Throwing
 11184 | D:9      | Noticed a hornet
 11193 | D:9      | Killed a hornet
 11246 | D:9      | Noticed a two-headed ogre
 11809 | D:7      | Reached XP level 10. HP: 66/85 MP: 10/13
 11995 | D:8      | Reached skill level 8 in Throwing
 12461 | D:9      | Reached *** piety under Okawaru
 12783 | D:9      | HP: 40/88 [two-headed ogre/+0 dire flail (11)]
 12784 | D:9      | Killed a two-headed ogre
 12784 | D:9      | Reached **** piety under Okawaru
 12785 | D:9      | Reached skill level 12 in Maces & Flails
 12785 | D:9      | Reached skill level 9 in Throwing
 13217 | D:11     | Found a staircase to the Orcish Mines.
 13359 | D:10     | Noticed Snorg
 13373 | D:9      | Identified a scroll of acquirement
 13508 | D:10     | Reached skill level 3 in Fighting
 13601 | D:9      | HP: 41/91 [troll (5)]
 13817 | D:10     | Noticed Maggie
 13828 | D:10     | Killed Maggie
 13829 | D:10     | Reached skill level 4 in Fighting
 13953 | D:10     | Noticed Urug
 14115 | Lair:1   | Entered Level 1 of the Lair of Beasts
 14131 | Lair:1   | Found the +4 skin of Zhor {*Englaciate rC+++ SInv}
 14137 | Lair:1   | Noticed a torpor snail
 14181 | Lair:1   | Reached skill level 10 in Throwing
 14264 | Lair:1   | Reached skill level 5 in Fighting
 14338 | Lair:1   | You fall into a shaft and drop 1 floor!
 14494 | Lair:2   | Noticed a cane toad
 14502 | Lair:2   | Killed a cane toad
 14668 | Lair:2   | Reached skill level 6 in Fighting
 14673 | Lair:2   | HP: 49/98 [yak (10)]
 14678 | Lair:2   | HP: 45/100 [yak (7)]
 14681 | Lair:2   | Reached XP level 11. HP: 49/107 MP: 7/14
 15092 | Lair:2   | HP: 47/107 [wyvern (9)]
 15097 | Lair:2   | Reached skill level 7 in Fighting
 15536 | Lair:2   | Learned a level 2 spell: Blink
 15763 | Lair:2   | Reached skill level 11 in Throwing
 15803 | Lair:3   | Noticed Prince Ribbit
 15897 | Lair:1   | Noticed Nergalle
 16028 | Lair:1   | Reached skill level 8 in Fighting
 16377 | Lair:2   | Reached skill level 1 in Invocations
 16452 | Lair:2   | Reached ***** piety under Okawaru
 16606 | Lair:2   | Reached skill level 2 in Invocations
 16635 | Lair:2   | Reached skill level 9 in Fighting
 16662 | Lair:2   | HP: 56/115 [poisoned by a killer bee]
 16667 | Lair:2   | HP: 47/115 [poisoned by a killer bee]
 16676 | Lair:2   | HP: 32/115 [killer bee (6)]
 16681 | Lair:2   | HP: 23/115 [poisoned by a killer bee]
 16686 | Lair:2   | HP: 20/115 [poisoned by a killer bee]
 16788 | Lair:2   | HP: 45/115 [cane toad (13)]
 16791 | Lair:2   | HP: 22/115 [poisoned by a cane toad]
 16796 | Lair:2   | HP: 17/115 [poisoned by a cane toad]
 16802 | Lair:2   | HP: 12/115 [killer bee (2)]
 17154 | Lair:2   | Reached skill level 3 in Invocations
 17659 | Lair:2   | HP: 56/115 [poisoned by a cane toad]
 17664 | Lair:2   | HP: 52/115 [poisoned by a cane toad]
 17908 | Lair:3   | HP: 53/115 [blink frog[Prince Ribbit] (11)]
 17923 | Lair:2   | HP: 33/115 [yak (7)]
 18276 | Lair:2   | HP: 51/108 [hell rat (5)]
 18493 | Lair:3   | Reached skill level 4 in Invocations
 18840 | Lair:3   | HP: 57/117 [culicivora (11)]
 18844 | Lair:3   | Reached skill level 10 in Fighting
 19096 | Lair:3   | Killed Prince Ribbit
 19096 | Lair:3   | Received a gift from Okawaru
 19114 | Lair:3   | Reached skill level 12 in Throwing
 19172 | Lair:3   | Reached skill level 5 in Invocations
 19299 | Lair:3   | Reached XP level 12. HP: 66/126 MP: 7/15
 20057 | Lair:3   | Reached skill level 3 in Translocations
 20146 | Lair:3   | Reached skill level 13 in Maces & Flails
 20446 | Lair:2   | Reached skill level 4 in Translocations
 21529 | Lair:4   | Found a viscous altar of Jiyva.
 21530 | Lair:4   | Found a staircase to the Slime Pits.
 21598 | Lair:4   | Acquired a manual of Fighting
 21604 | Lair:4   | Learned a level 3 spell: Teleport Other
 21640 | Lair:4   | Noticed a skyshark
 21648 | Lair:4   | Reached skill level 5 in Translocations
 21665 | Lair:4   | Noticed a six-headed hydra
 21665 | Lair:4   | Noticed a death yak
 21669 | Lair:4   | Noticed Pijio's ghost (journeyman MDFi)
 21698 | Lair:4   | Found a transporter.
 21750 | Lair:4   | Found a transporter.
 21935 | Lair:3   | Received a gift from Okawaru
 22133 | Lair:4   | Reached skill level 11 in Fighting
 22607 | Lair:5   | Entered Level 5 of the Lair of Beasts
 22607 | Lair:5   | Noticed a skyshark
 22617 | Lair:4   | HP: 63/130 [skyshark (7)]
 23360 | Lair:4   | Killed a skyshark
 23361 | Lair:4   | Reached skill level 12 in Fighting
 23361 | Lair:4   | Reached skill level 14 in Maces & Flails
 23361 | Lair:4   | Reached skill level 6 in Translocations
 23537 | Lair:4   | Reached XP level 13. HP: 75/141 MP: 11/16
 23828 | Lair:5   | HP: 62/141 [blink frog (13)]
 24044 | Lair:4   | Reached skill level 13 in Fighting
 24480 | Lair:5   | Reached ****** piety under Okawaru
 24549 | Lair:5   | Reached skill level 14 in Fighting
 24669 | Lair:5   | Reached skill level 1 in Armour
 24805 | Lair:5   | Received a gift from Okawaru
 24827 | Lair:4   | Reached skill level 2 in Armour
 25266 | Lair:4   | HP: 69/148 [sea snake (12)]
 25269 | Lair:4   | HP: 33/148 [poisoned by a sea snake]
 25274 | Lair:4   | HP: 16/148 [poisoned by a sea snake]
 25279 | Lair:4   | HP: 11/148 [poisoned by a sea snake]
 25808 | Lair:4   | Reached skill level 15 in Fighting
 26392 | Lair:5   | Reached skill level 3 in Armour
 26396 | Lair:5   | HP: 59/150 [snapping turtle (24)]
 26668 | Lair:4   | Received a gift from Okawaru
 26669 | Lair:4   | Reached skill level 15 in Maces & Flails
 27122 | Lair:4   | HP: 75/152 [skyshark (9)]
 27124 | Lair:4   | Reached skill level 16 in Fighting
 27338 | Lair:4   | Reached skill level 4 in Armour
 27434 | Lair:5   | Received a gift from Okawaru
 27511 | Lair:5   | Reached skill level 7 in Translocations
 28038 | Lair:5   | Found the +8 pair of quick blades "Gyre" and "Gimble"
                  | {protect}
 28056 | Lair:5   | Got Saymust's Omnibus of Horrible Combat Magic
 28152 | Lair:3   | Found a staircase to the Shoals.
 28209 | Lair:3   | Found a hole to the Spider Nest.
 28298 | Lair:1   | HP: 67/136 [Nergalle/bolt of negative energy (34)]
 28302 | Lair:1   | Killed Nergalle
 28303 | Lair:1   | Reached XP level 14. HP: 64/150 MP: 17/17
 28564 | Lair:1   | Reached skill level 17 in Fighting
 28660 | Lair:1   | Reached skill level 5 in Armour
 28693 | Lair:1   | HP: 77/165 [yak (9)]
 29088 | Lair:1   | Received a gift from Okawaru
 29358 | D:10     | Killed Urug
 29369 | D:10     | Killed Snorg
 29514 | D:10     | Noticed Grum
 29520 | D:10     | Killed Grum
 30097 | Orc:1    | Entered Level 1 of the Orcish Mines
 30551 | D:7      | Found a sparkling altar of Nemelex Xobeh.
 30721 | D:6      | Found Gutaump's Book Boutique.
 31030 | D:5      | Killed Dowan
 31032 | D:5      | Killed Duvessa
 31092 | D:4      | Found a one-way gate to the infinite horrors of the Abyss.
 31102 | D:4      | Killed tigertrap's ghost
 31103 | D:4      | Reached skill level 8 in Translocations
 31387 | Orc:1    | Found Zollo's Jewellery Boutique.
 31625 | Orc:1    | Reached skill level 18 in Fighting
 31625 | Orc:1    | Reached skill level 6 in Armour
 31889 | Orc:1    | HP: 71/160 [sixfirhy[an orc high priest] (11)]
 32112 | Orc:2    | Entered Level 2 of the Orcish Mines
 32126 | Orc:2    | Noticed Maurice
 32135 | Orc:2    | Killed Maurice
 32159 | Orc:2    | Noticed jamsaran's ghost (journeyman DgAl)
 32217 | Orc:2    | Found a transporter.
 32250 | Orc:2    | Received a gift from Okawaru
 32267 | Orc:2    | HP: 79/166 [kobold blastminer/iron shot (21)]
 32357 | Orc:2    | Found a transporter.
 32599 | Orc:2    | Reached skill level 6 in Invocations
 32639 | Orc:2    | Found a roughly hewn altar of Beogh.
 32727 | Orc:2    | HP: 80/170 [troll (12)]
 32987 | Orc:2    | Reached skill level 19 in Fighting
 33001 | Orc:2    | Received a gift from Okawaru
 33054 | Orc:2    | Reached skill level 7 in Armour
 33085 | Orc:2    | Paralysed by an ogre mage for 5 turns
 33143 | Orc:2    | Reached skill level 7 in Invocations
 33310 | Orc:2    | Found Xefilum's Assorted Antiques.
 33330 | Orc:2    | Found Gosax's Antique Armour Shop.
 33392 | Orc:2    | Found Ocyili's General Store.
 33408 | Orc:2    | Found a roughly hewn altar of Beogh.
 33482 | Orc:2    | Found Wessarou's General Store.
 33565 | Orc:2    | Received a gift from Okawaru
 33688 | Orc:2    | Bought a scroll of teleportation for 42 gold pieces
 33776 | Orc:2    | Found a staircase to the Elven Halls.
 34007 | D:11     | Reached skill level 20 in Fighting
 34007 | D:11     | Reached XP level 15. HP: 183/183 MP: 20/20
 34027 | D:11     | Reached skill level 8 in Invocations
 34740 | D:12     | Reached skill level 8 in Armour
 35062 | D:12     | Received a gift from Okawaru
 35400 | D:13     | Found Lacy's Antique Weapon Shoppe.
 35656 | D:13     | Reached skill level 9 in Armour
 35984 | D:13     | Received a gift from Okawaru
 36041 | D:13     | Reached skill level 13 in Throwing
 36078 | D:13     | Found Cuetue Kunatz's Weapon Shop.
 36291 | D:13     | Noticed Rupert
 36292 | D:13     | Paralysed by Rupert for 4 turns
 36296 | D:13     | HP: 91/183 [vault guard/+0 great sword (6)]
 36436 | D:13     | Found a gate to the Vaults.
 36553 | D:13     | HP: 70/183 [ice dragon/blast of cold (44)]
 36558 | D:13     | HP: 58/183 [ice dragon (6)]
 37539 | D:13     | Received a gift from Okawaru
 37726 | D:14     | Reached skill level 10 in Armour
 38131 | D:15     | Entered Level 15 of the Dungeon
 38178 | D:15     | Noticed Roxanne
 38204 | D:15     | HP: 83/183 [centaur warrior/arrow (15)]
 38667 | D:14     | Reached skill level 14 in Throwing
 38667 | D:14     | Reached XP level 16. HP: 171/193 MP: 22/22
 38706 | D:14     | HP: 84/193 [two-headed ogre/+0 dire flail (15)]
 38870 | D:14     | Received a gift from Okawaru
 38986 | D:14     | HP: 94/193 [deep troll earth mage/blast of rock fragments
                  | (30)]
 38991 | D:14     | HP: 88/193 [deep troll earth mage/blast of rock fragments
                  | (13)]
 38997 | D:14     | HP: 72/193 [deep troll earth mage/blast of rock fragments
                  | (24)]
 39164 | D:14     | HP: 92/193 [deep troll earth mage (11)]
 39363 | D:14     | Reached skill level 11 in Armour
 39669 | D:15     | Received a gift from Okawaru
 39986 | D:15     | Identified the +1 ring mail of Gened {rF+ Str+2 Int+2}
 39996 | D:15     | Found a glowing silver altar of Zin.
 40028 | D:15     | Found a staircase to the Depths.
 40106 | D:15     | Killed Roxanne
 40123 | D:15     | Acquired the +5 swamp dragon scales of the Blessed Realm
                  | {god gift, rPois Will+ Str+2}
 40123 | D:15     | Received a gift from Okawaru
 40408 | Shoals:1 | Entered Level 1 of the Shoals
 40415 | Shoals:1 | Found Maubam's Specific Store.
 40422 | Shoals:1 | Found Fico Wonn's General Store.
 40432 | Shoals:1 | Bought a scroll of fear for 64 gold pieces
 40795 | Shoals:1 | Reached skill level 1 in Shapeshifting
 41555 | Shoals:1 | Reached skill level 2 in Shapeshifting
 41581 | Shoals:1 | You fall into a shaft and drop 1 floor!
 42078 | Shoals:2 | Reached skill level 15 in Throwing
 42627 | Shoals:2 | Reached skill level 3 in Shapeshifting
 42891 | Shoals:4 | Entered Level 4 of the Shoals
 42906 | Shoals:3 | HP: 92/193 [drowned by a water elemental[a merfolk
                  | aquamancer] (8)]
 43344 | Shoals:3 | Received a gift from Okawaru
 43450 | Shoals:3 | HP: 47/193 [faun/+0 club (53)]
 43462 | Shoals:3 | HP: 52/193 [faun/sling bullet (1)]
 43748 | Shoals:3 | Reached skill level 12 in Armour
 43763 | Shoals:3 | Reached skill level 4 in Shapeshifting
 44215 | Shoals:3 | Identified the +1 plate armour of the Soldier {rElec rF+
                  | Dex+4}
 44498 | Shoals:3 | Reached skill level 5 in Shapeshifting
 45226 | Shoals:4 | Noticed Donald
 45350 | Spider:1 | Entered Level 1 of the Spider Nest
 45385 | Spider:1 | Reached skill level 6 in Shapeshifting
 45505 | Spider:1 | Received a gift from Okawaru
 45550 | Spider:1 | HP: 91/193 [sun moth (18)]
 45559 | Lair:3   | HP: 70/193 [culicivora[a sun moth] (10)]
 46239 | Spider:1 | Reached XP level 17. HP: 198/201 MP: 23/23
 46343 | Spider:1 | Reached skill level 7 in Shapeshifting
 46835 | Spider:1 | Identified the ring of the Echidna {rF+ rN+ MP+9 Int+2}
 46911 | Spider:1 | Reached skill level 8 in Shapeshifting
 47168 | Spider:1 | HP: 98/201 [radroach (14)]
 47171 | Spider:1 | Gained mutation: You occasionally shout uncontrollably at
                  | your foes. [mutagenic glow]
 47529 | Spider:2 | Received a gift from Okawaru
 47597 | Spider:2 | Reached skill level 9 in Shapeshifting
 47775 | Spider:2 | Noticed Jorgrun
 48141 | Spider:2 | You fall into a shaft and drop 1 floor!
 48430 | Spider:2 | Reached skill level 10 in Shapeshifting
 48688 | Spider:2 | Killed Jorgrun
 49037 | Spider:3 | Received a gift from Okawaru
 49345 | Spider:3 | Reached skill level 11 in Shapeshifting
 49362 | Spider:3 | Learned a level 2 spell: Lesser Beckoning
 49490 | Spider:3 | Learned a level 4 spell: Manifold Assault
 50555 | Spider:3 | HP: 90/201 [spark wasp (14)]
 50557 | Spider:3 | Received a gift from Okawaru
 50900 | Spider:4 | Entered Level 4 of the Spider Nest
 50910 | Spider:3 | Reached skill level 12 in Shapeshifting
 50998 | Spider:3 | HP: 100/201 [poisoned by a wolf spider]
 51003 | Spider:3 | HP: 97/201 [poisoned by a wolf spider]
 51435 | Spider:3 | HP: 81/195 [jorogumo (19)]
 52037 | Spider:4 | Reached XP level 18. HP: 204/205 MP: 24/24
 52306 | Spider:4 | Received a gift from Okawaru
 52307 | Spider:4 | Reached skill level 13 in Shapeshifting
 52379 | Spider:4 | HP: 102/210 [broodmother (28)]
 52826 | Spider:4 | HP: 102/210 [poisoned by a wolf spider]
 52831 | Spider:4 | HP: 65/210 [poisoned by a wolf spider]
 52836 | Spider:4 | HP: 57/210 [poisoned by a wolf spider]
 52841 | Spider:4 | HP: 55/210 [poisoned by a wolf spider]
 53554 | Spider:4 | Received a gift from Okawaru
 53567 | Spider:4 | Reached skill level 14 in Shapeshifting
 53839 | Spider:4 | HP: 105/210 [emperor scorpion (5)]
 53844 | Spider:4 | HP: 101/210 [poisoned by an emperor scorpion]
 53849 | Spider:4 | HP: 98/210 [poisoned by an emperor scorpion]
 54148 | Spider:4 | Got a gossamer rune of Zot
 54154 | Spider:4 | Identified the +0 hat of Hangman {rF+ Stlth+}
 54533 | D:7      | Identified the +1 chain mail "Maiceet" {-Tele rF- rN++
                  | Int+3 Stlth+}
 54540 | D:7      | Identified the ring "Lucveykh" {+Blink rF- EV+5 Dex+2}
 54627 | D:6      | Killed lunkers's ghost
 54826 | D:8      | Killed ranchalot's ghost
 55152 | Shoals:3 | Killed Donald
 55346 | Shoals:3 | Received a gift from Okawaru
 55410 | Shoals:3 | HP: 105/210 [merfolk/+0 trident (6)]
 55635 | Shoals:3 | Reached skill level 15 in Shapeshifting
 55893 | Shoals:3 | HP: 90/210 [merfolk/+0 halberd[a merfolk impaler] (18)]
 56122 | Shoals:4 | HP: 91/210 [satyr/arrow (30)]
 57427 | Shoals:4 | HP: 104/210 [minotaur (19)]
 57644 | Shoals:3 | Received a gift from Okawaru
 57714 | Shoals:4 | Reached skill level 16 in Shapeshifting
 58021 | Shoals:4 | sleeves: ??heavy
 58021 | Shoals:4 | beem: heavy[1/2]: Weapon brand that multiplies delay by 1.5
                  | and base damage by 1.8. Replaces vorpal in 0.30.
 58021 | Shoals:4 | sleeves: ??heavy[2]
 58021 | Shoals:4 | beem: heavy[2/2]: A heavy weapon with base mindelay 0.7
                  | will have mindelay 1.05. That means it’ll swing at 1.0
                  | delay half the time and 1.1 the other half.
 58021 | Shoals:4 | sleeves: ??granite talisman
 58021 | Shoals:4 | beem: statue form[1/2]: Grants scaling AC and +30% HP.
                  | Makes you take 50% more time to take any action, like the
                  | slow spell. Melds gloves, boots, bardings, and body armour.
                  | Provides rElec, rN+, 50% rTorm, rRot+, and poison immunity.
                  | 12 base unarmed damage and 50% bonus on all melee.
                  | Gargoyles can't use granite talismans.
 58021 | Shoals:4 | sleeves: ??spectral
 58021 | Shoals:4 | beem: spectral[1/1]: A weapon ego that creates an allied
                  | clone of your wielded weapon, see {spectral ego}. You share
                  | a large portion of damage dealt to spectral weapons but
                  | they have low hp so there's a limit to how much you can
                  | take in one turn. Also a type of {derived undead}, see
                  | {spectral thing}.
 58021 | Shoals:4 | Acquired a +8 spectral giant spiked club {god gift}
 58021 | Shoals:4 | Received a gift from Okawaru
 58288 | Shoals:4 | Got a barnacled rune of Zot
 58960 | Vaults:1 | Entered Level 1 of the Vaults
 59021 | Vaults:1 | Reached XP level 19. HP: 188/219 MP: 25/25
 59718 | Vaults:1 | HP: 78/219 [ironbound thunderhulk/bolt of lightning (33)]
 59723 | Vaults:1 | HP: 94/219 [deep troll[an ironbound preserver] (9)]
 60232 | Vaults:1 | Received a gift from Okawaru
 60233 | Vaults:1 | Reached skill level 16 in Maces & Flails
 60413 | Vaults:1 | Reached skill level 16 in Throwing
 61462 | Vaults:2 | Reached skill level 3 in Spellcasting
 61502 | Vaults:2 | Received a gift from Okawaru
 61783 | Vaults:2 | Reached skill level 4 in Spellcasting
 62214 | Vaults:2 | Reached skill level 5 in Spellcasting
 62483 | Vaults:2 | HP: 140/284 [death knight/+4 halberd (12)]
 62486 | Vaults:2 | Reached skill level 9 in Translocations
 62914 | Vaults:2 | Received a gift from Okawaru
 62916 | Vaults:2 | Reached skill level 6 in Spellcasting
 63063 | Vaults:2 | Found a staircase to the Crypt.
 63232 | Vaults:3 | Found Kunitwut's Weapon Shop.
 63281 | Vaults:3 | Reached skill level 17 in Maces & Flails
 63349 | Vaults:3 | Reached XP level 20. HP: 228/228 MP: 29/29
 63785 | Vaults:3 | Reached skill level 7 in Spellcasting
 63821 | Vaults:3 | Found a portal to a secret trove of treasure.
 63997 | Vaults:3 | Received a gift from Okawaru
 64196 | Vaults:3 | Reached skill level 10 in Translocations
 64460 | Vaults:3 | Reached skill level 8 in Spellcasting
 65020 | Vaults:4 | Identified the staff "Omynn" {rPois MP+9 Earth}
 65055 | Vaults:4 | Received a gift from Okawaru
 65152 | Vaults:4 | Noticed Saint Roka
 65163 | Vaults:4 | Killed Saint Roka
 65171 | Vaults:4 | Reached skill level 9 in Spellcasting
 65747 | Vaults:4 | Reached skill level 18 in Maces & Flails
 65748 | Vaults:4 | Reached skill level 11 in Translocations
 65750 | Vaults:4 | HP: 144/296 [vault warden/+0 great sword (29)]
 66162 | Vaults:4 | Noticed Xtahua
 66166 | Vaults:4 | Killed Xtahua
 66277 | Vaults:4 | Received a gift from Okawaru
 66895 | Depths:1 | Entered Level 1 of the Depths
 66920 | Depths:1 | Reached skill level 10 in Spellcasting
 66926 | Depths:1 | Reached XP level 21. HP: 195/237 MP: 17/35
 67068 | Depths:1 | Found a gateway to Hell.
 67075 | Depths:1 | Found an opulent altar of Gozag.
 67129 | Depths:1 | Received a gift from Okawaru
 67573 | Depths:1 | Reached skill level 12 in Translocations
 67904 | Depths:1 | HP: 144/308 [spriggan berserker/+0 rapier (18)]
 68180 | Depths:1 | HP: 143/308 [spriggan berserker/+0 flail (15)]
 68428 | Depths:2 | Reached skill level 19 in Maces & Flails
 68531 | Depths:2 | Received a gift from Okawaru
 68536 | Depths:2 | HP: 132/308 [ice dragon/blast of cold (44)]
 68996 | Depths:2 | Reached skill level 13 in Translocations
 69171 | Depths:2 | Received a gift from Okawaru
 69511 | Depths:2 | Identified the ring of Wephif {Fly Int+6}
 69665 | Depths:2 | Found Big Baal Hell's Store.
 69904 | Depths:2 | Found a one-way gate leading to the halls of Pandemonium.
 70242 | Depths:3 | Found the +8 Wrath of Trog {antimagic, *Rage Rampage}
 70529 | Depths:3 | Reached skill level 20 in Maces & Flails
 70530 | Depths:3 | Reached XP level 22. HP: 247/247 MP: 20/36
 70537 | Depths:3 | Received a gift from Okawaru
 70937 | Depths:3 | Reached skill level 14 in Translocations
 70990 | Depths:3 | Noticed an ancient lich
 70992 | Depths:3 | Noticed an ancient lich
 71070 | Depths:3 | Found a one-way gateway to a ziggurat.
 71073 | Depths:3 | Killed an ancient lich
 71073 | Depths:3 | Killed an ancient lich
 71073 | Depths:3 | Received a gift from Okawaru
 71527 | Depths:3 | Noticed a juggernaut
 71534 | Depths:3 | Killed a juggernaut
 71550 | Depths:3 | Noticed a golden dragon
 71559 | Depths:3 | Killed a golden dragon
 71723 | Depths:3 | Noticed a caustic shrike
 71728 | Depths:3 | Killed a caustic shrike
 71736 | Depths:3 | Received a gift from Okawaru
 71934 | Depths:4 | Entered Level 4 of the Depths
 72209 | Depths:4 | Reached skill level 15 in Translocations
 72268 | Depths:4 | Found a gate to the Realm of Zot.
 72268 | Depths:4 | Noticed a golden dragon
 72270 | Depths:4 | Killed a golden dragon
 72274 | Depths:4 | Reached skill level 21 in Maces & Flails
 72358 | Depths:4 | Found a shadowy altar of Dithmenos.
 72505 | Depths:4 | Received a gift from Okawaru
 72623 | Depths:4 | HP: 154/321 [azure jelly (8)]
 72949 | Depths:4 | Reached skill level 22 in Maces & Flails
 73428 | Elf:1    | Entered Level 1 of the Elven Halls
 73463 | Elf:1    | Reached skill level 3 in Dodging
 73566 | Elf:1    | Reached XP level 23. HP: 256/256 MP: 29/37
 73603 | Elf:1    | Paralysed by an air elemental for 1 turns
 73610 | Elf:1    | Received a gift from Okawaru
 73738 | Elf:1    | Reached skill level 4 in Dodging
 73739 | Elf:1    | Paralysed by an air elemental for 1 turns
 73753 | Elf:1    | Identified the ring of Eqoguy {Fly rN+ MP+9}
 73868 | Elf:1    | Got the Encyclopedia of the Robin
 73877 | Elf:1    | Noticed Agnes
 73896 | Elf:1    | Reached skill level 11 in Spellcasting
 73949 | Elf:1    | Killed Agnes
 74082 | Elf:1    | Reached skill level 5 in Dodging
 74553 | Elf:2    | Found a magical portal.
 74634 | WizLab   | Entered Doroklohe's Tomb
 74792 | WizLab   | Noticed a royal mummy
 74796 | WizLab   | Killed a royal mummy
 75068 | Elf:2    | Acquired a manual of Throwing
 75106 | Elf:2    | Found Fokhet's Jewellery Boutique.
 75149 | Elf:2    | Received a gift from Okawaru
 75177 | Elf:2    | Reached skill level 6 in Dodging
 75264 | Elf:2    | Reached skill level 12 in Spellcasting
 75274 | Elf:2    | Found a runed translucent gate.
 75275 | Elf:2    | Found a runed translucent gate.
 75275 | Elf:2    | Found a runed translucent gate.
 75930 | Elf:2    | Reached skill level 17 in Throwing
 75934 | Elf:2    | Received a gift from Okawaru
 76122 | Elf:2    | Reached skill level 7 in Dodging
 76306 | Elf:3    | Entered Level 3 of the Elven Halls
 76889 | Elf:3    | Reached skill level 13 in Spellcasting
 77399 | Elf:3    | Reached skill level 18 in Throwing
 77407 | Elf:3    | Reached skill level 8 in Dodging
 77463 | Elf:3    | Identified the +2 scale mail of the Futuristic God {Harm
                  | rN+}
 77467 | Elf:3    | Identified the amulet of the Median {RegenMP rF+ Stlth+}
 77470 | Elf:3    | Reached XP level 24. HP: 265/265 MP: 18/40
 77698 | Elf:3    | Got the Incunabulum of Iced Subspace
 77710 | Elf:3    | Identified the staff "Boux" {rElec Str+5 Dex+5 Air}
 77764 | Elf:3    | Identified the +1 ring mail of the Wasteland {rPois rF-
                  | Str+4 SInv}
 77790 | Elf:3    | Learned a level 6 spell: Dispersal
 77799 | Elf:3    | Learned a level 8 spell: Disjunction
 78140 | Crypt:1  | Entered Level 1 of the Crypt
 78196 | Crypt:1  | Found an ancient bone altar of Kikubaaqudgha.
 78600 | Crypt:1  | Received a gift from Okawaru
 78897 | Crypt:2  | Reached skill level 14 in Spellcasting
 79085 | Crypt:2  | Reached skill level 9 in Dodging
 79095 | Crypt:2  | Reached skill level 19 in Throwing
 79429 | Crypt:2  | Received a gift from Okawaru
 79925 | Crypt:3  | Entered Level 3 of the Crypt
 80300 | Crypt:3  | Reached skill level 10 in Dodging
 80349 | Crypt:3  | Found a staircase to the Tomb.
 80378 | Crypt:3  | Identified the ring "Salul" {rPois Will+ rCorr}
 80711 | Crypt:3  | Reached skill level 20 in Throwing
 80711 | Crypt:3  | Reached skill level 15 in Spellcasting
 80714 | Crypt:3  | Received a gift from Okawaru
 80714 | Crypt:3  | Identified the ring "Curaj" {rN+ Str+6 Int-4 Dex+2}
 81052 | Crypt:3  | Found an ancient bone altar of Kikubaaqudgha.
 81065 | Crypt:3  | Noticed an ancient lich
 81070 | Crypt:3  | Killed an ancient lich
 81278 | Crypt:3  | Noticed an ancient lich
 81288 | Crypt:3  | Killed an ancient lich
 81506 | Crypt:3  | Reached skill level 16 in Translocations
 81762 | Vaults:5 | Entered Level 5 of the Vaults
 81767 | Vaults:5 | Received a gift from Okawaru
 81768 | Vaults:5 | Reached XP level 25. HP: 191/274 MP: 41/42
 81793 | Vaults:5 | HP: 111/271 [ettin/+0 dire flail (26)]
 81795 | Vaults:5 | Reached skill level 17 in Translocations
 81816 | Vaults:5 | HP: 127/353 [vault sentinel/stone (6)]
 81824 | Vaults:5 | HP: 86/356 [something (3)]
 81829 | Vaults:5 | HP: 81/354 [yaktaur captain (2)]
 81830 | Vaults:5 | HP: 36/354 [yaktaur captain (6)]
 81838 | Vaults:5 | HP: 14/356 [vault warden/bolt (33)]
 81852 | Vaults:5 | HP: 63/356 [quicksilver dragon/bolt of dispelling energy
                  | (28)]
 81873 | Vaults:5 | HP: 52/356 [frost giant/+2 battleaxe of freezing (19)]
 82010 | Vaults:5 | Received a gift from Okawaru
 82174 | Vaults:5 | Reached skill level 18 in Translocations
 82240 | Vaults:5 | Identified the +0 storm dragon scales of Noiloefahe {^Drain
                  | rElec Str+4 Int+3 Slay+2}
 82362 | Vaults:5 | Received a gift from Okawaru
 82509 | Vaults:5 | Reached skill level 19 in Translocations
 82745 | Vaults:5 | Learned a level 4 spell: Passage of Golubria
 82914 | Vaults:5 | Identified the amulet "Xoihut" {Spirit Harm}
 83103 | Vaults:5 | Found the +18 shield of the Gong {Loud rN+ Will+ rCorr
                  | EV-5}
 83270 | Vaults:5 | Identified the +3 falchion "Aritu" {flame, Will+++ MP-9
                  | Int-2 Dex+2}
 83277 | Vaults:5 | Got a silver rune of Zot
 83286 | Vaults:5 | Reached skill level 20 in Translocations
 83286 | Vaults:5 | Reached XP level 26. HP: 283/283 MP: 42/42
 83521 | Vaults:3 | You paid a toll of a +5 demon whip to enter a treasure
                  | trove
 83522 | Trove    | Entered a treasure trove
 83553 | Trove    | Identified the amulet of Xom's Entertainment {Rampage
                  | Regen+ rCorr Stlth+}
 83555 | Trove    | Identified the amulet "Laugipu" {Fly Regen+}
 83557 | Trove    | Identified the amulet "Aqe Guch" {RegenMP *Corrode rF-
                  | Dex+8}
 83644 | Vaults:3 | Reached skill level 11 in Dodging
 83644 | Vaults:3 | Reached XP level 27. HP: 291/291 MP: 42/42
 83645 | Vaults:3 | Reached skill level 9 in Invocations
 83905 | Zot:1    | Entered Level 1 of the Realm of Zot
 84029 | Depths:4 | HP: 189/379 [red draconian/+0 long sword[a black draconian
                  | knight] (13)]
 84132 | Depths:4 | Received a gift from Okawaru
 84273 | Depths:4 | HP: 187/380 [black draconian knight/+0 war axe (5)]
 84466 | Depths:4 | Reached skill level 12 in Dodging
 84497 | Zot:1    | HP: 181/380 [moth of wrath (12)]
 85148 | Zot:1    | Noticed an orb of fire
 85181 | Zot:1    | Killed an orb of fire
 85346 | Zot:1    | Reached skill level 21 in Fighting
 85407 | Zot:1    | Found a shimmering altar of Xom.
 85407 | Zot:1    | Found a shimmering altar of Xom.
 85407 | Zot:1    | Found a glowing silver altar of Zin.
 85408 | Zot:1    | Found a shimmering altar of Xom.
 85414 | Zot:1    | Found a shimmering altar of Xom.
 85419 | Zot:1    | Found a shimmering altar of Xom.
 85434 | Zot:1    | Reached skill level 21 in Translocations
 85639 | Zot:1    | Received a gift from Okawaru
 85779 | Zot:1    | Noticed Fiowez's ghost (veteran HuAl)
 85784 | Zot:1    | Found a runed translucent gate.
 85784 | Zot:1    | Found a runed translucent gate.
 85786 | Zot:1    | Found a runed translucent gate.
 86354 | Zot:2    | Reached skill level 13 in Dodging
 86915 | Zot:3    | Received a gift from Okawaru
 87121 | Zot:3    | Reached skill level 22 in Fighting
 87326 | Zot:3    | Reached skill level 22 in Translocations
 87526 | Zot:3    | Received a gift from Okawaru
 87591 | Zot:3    | Reached skill level 14 in Dodging
 88378 | Zot:4    | Received a gift from Okawaru
 88385 | Zot:4    | Reached skill level 23 in Translocations
 88458 | Zot:4    | Reached skill level 15 in Dodging
 88879 | Zot:4    | Received a gift from Okawaru
 89912 | Zot:5    | Entered Level 5 of the Realm of Zot
 90056 | Zot:5    | Reached skill level 16 in Dodging
 90278 | Zot:5    | Noticed an ancient lich
 90279 | Zot:5    | Noticed a dread lich
 90280 | Zot:5    | Reached skill level 24 in Translocations
 90283 | Zot:5    | Noticed an orb of fire
 90284 | Zot:5    | Noticed an orb of fire
 90288 | Zot:5    | Noticed an orb of fire
 90289 | Zot:5    | Killed an ancient lich
 90289 | Zot:5    | Received a gift from Okawaru
 90292 | Zot:5    | Noticed an orb of fire
 90292 | Zot:5    | Killed an orb of fire
 90293 | Zot:5    | Killed an orb of fire
 90293 | Zot:5    | Killed an orb of fire
 90300 | Zot:5    | HP: 159/390 [???[a dread lich] (38)]
 90307 | Zot:5    | Killed an orb of fire
 90307 | Zot:5    | HP: 183/390 [Killer Klown/+10 spectral club (18)]
 90312 | Zot:5    | HP: 122/390 [Killer Klown/klown pie (18)]
 90313 | Zot:5    | Killed a dread lich
 90317 | Zot:5    | HP: 98/390 [tentacled monstrosity (3)]
 90319 | Zot:5    | Received a gift from Okawaru
 90325 | Zot:5    | HP: 87/390 [Orb Guardian (4)]
 90336 | Zot:5    | HP: 65/390 [storm dragon/bolt of lightning (7)]
 90606 | Zot:4    | HP: 195/390 [ghost moth (9)]
 90772 | Zot:5    | Reached skill level 17 in Shapeshifting
 91090 | Zot:5    | Reached skill level 21 in Throwing
 91508 | Zot:5    | Got the Orb of Zot
 91516 | Zot:5    | Received a gift from Okawaru
 91946 | D:7      | Noticed Kumiom the pandemonium lord
 92112 | D:$      | Escaped with the Orb!

Illustrated notes

Levels and vault maps discovered:
D:1:      dpeg_arrival_ternary, layout_basic
D:2:      layout_rooms, minmay_tetromino_l2
D:3:      minmay_skewed_foursquare, layout_rooms,
          nicolae_qazlal_beasts_of_the_sky
D:4:      layout_basic, dreamdust_divine_triumvirate, kennysheep_mini_moat,
          chequers_ossuary_entry_cave, gammafunk_ghost_abyssal_escape,
          chequers_serial_rivers_micro_e, minmay_circle_x, uniq_natasha,
          uniq_menkaure
D:5:      layout_cave_pools, minmay_temple_entry_trees,
          minmay_misc_feat_pillars, minmay_crossroads, uniq_duvessa
D:6:      layout_gridville, serial_shops, nicolae_shop_just_a_little_nook,
          gammafunk_ghost_arena
D:7:      layout_basic, gammafunk_temple_of_torment, nemelex_spade_bored_becter,
          enter_bailey_5
D:8:      layout_basic, lair_entry_dummy, gammafunk_ghost_berserking_beasts
D:9:      layout_small_grid, reono_crystal_passage
D:10:     layout_loops_ring, uniq_snorg, uniq_maggie, uniq_grum, uniq_urug
D:11:     dragon1_lemuel, layout_rooms, orc_0_dummy, hangedman_stone_soup
D:12:     layout_rooms
D:13:     layout_irregular_city, lightli_vaults_fourway_checkpoint,
          serial_shops, shop, shop, uniq_rupert
D:14:     layout_small_grid, kennysheep_donut
D:15:     hellmonk_depths_entry_around_the_bend, layout_rooms,
          lemuel_coloured_pillars_altar, uniq_roxanne
Temple:   nicolae_temple_ecumenical_triangle
Lair:1:   layout_roguey, st_stairs_3, hellmonk_guarded_unrand_zhor,
          grunt_megastairs_3, uniq_nergalle
Lair:2:   layout_cave_pods, special_room [special_room_bee], serial_rivers,
          chequers_serial_rivers_small_3, chequers_serial_rivers_micro_e,
          chequers_serial_rivers_small_a, chequers_serial_rivers_micro_e
Lair:3:   layout_misc_corridors, minmay_shoals_entry_hut,
          hellmonk_spider_entry_life_and_decay, chequers_serial_rivers_small_b,
          dreamdust_gnoll_shepherd, uniq_prince_ribbit2
Lair:4:   layout_cave_shapes, slime_entry_1, nzn_ghost_randoct,
          gauntlet_entry_generic, serial_bayou_ford_a, serial_bayou_shore_a
Lair:5:   gammafunk_lair_ancient_temple, layout_loops_ring,
          infiniplex_staircase_pool_2
Shoals:1: layout_shoals, nicolae_specific_store
Shoals:2: layout_shoals
Shoals:3: cheibrodos_shoals_satyrical_garden, layout_shoals
Shoals:4: shoals_end_hellmonk_lost_city, uniq_donald
Spider:1: layout_spider_delve, hellmonk_spider_spawner
Spider:2: layout_spider_delve, uniq_jorgrun
Spider:3: layout_cave_pods
Spider:4: grunt_spider_rune_circles
Orc:1:    layout_diamond_mine, serial_shops, shop
Orc:2:    st_orc_open, layout_diamond_mine, gammafunk_ghost_arena,
          lemuel_statue_altar, nicolae_orc_lost_temple, uniq_maurice
Elf:1:    minmay_shoctagon, layout_geoelf_octagon, minmay_elf_sorcery,
          uniq_agnes
Elf:2:    nicolae_elf_blades_crystal_corner, layout_onion_city, serial_shops,
          nicolae_shop_gaudy_bauble, mu_enter_wizlab_6
Elf:3:    minmay_elf_hall_not_hex, layout_loops_cross, st_stairs_14,
          serial_sigils_hangedman_snap
Vaults:1: nicolae_vaults_fighting_squares, v_misc_27,
          nicolae_vaults_closet_pinwheel_5, vaults_room_corners,
          nicolae_vaults_tetromino_L_1, layout_vaults_quadrants
Vaults:2: ontoclasm_vaults_eye, ontoclasm_vaults_ring_large,
          vaults_mumra_chevron_long, v_pattern_5, hangedman_vaults_maws,
          nicolae_vaults_circle_grid_a, nicolae_vaults_wrenched,
          blue_anna_dwarven_crypt, hangedman_vaults_slice, st_cells,
          vaults_dpeg_hooks, nicolae_vaults_closet_pinwheel_6,
          nicolae_vaults_trapezoid_lopsided_3, vaults_dpeg_cross,
          nicolae_vaults_tetromino_Z_1, layout_vaults_ring
Vaults:3: nicolae_vaults_big_ls, ontoclasm_vaults_shuriken,
          nicolae_vaults_surprise_closet_hard, nicolae_vaults_little_squares_2,
          vaults_room_semicircle, ontoclasm_vaults_chip,
          vaults_room_ringed_pool, ontoclasm_vaults_spin, v_rooms_3,
          vaults_mumra_minichess, layout_vaults_omnibox, enter_trove_3,
          serial_shops, nicolae_shop_temple_entry_statues_fountains
Vaults:4: v_misc_19, nicolae_vaults_double_plus_3, ontoclasm_vaults_bender,
          v_pattern_4, hangedman_vaults_pinch, nicolae_vaults_trapezoid_4,
          nicolae_vaults_security_offices_6,
          nicolae_vaults_trapezoid_lopsided_1,
          nicolae_vaults_trapezoid_lopsided_1, nicolae_vaults_tetromino_T_1,
          layout_vaults_chaotic_city, uniq_saint_roka, uniq_xtahua
Vaults:5: uniq_margery
Crypt:1:  layout_misc_corridors, basic_altar, grunt_crypt_arrival_split
Crypt:2:  layout_misc_corridors, grunt_megastairs_5
Crypt:3:  quadcrypt_mu
Depths:1: layout_cave_pools, hell_entry, nicolae_gozag_seed_capital,
          abyss_entry_crystal, columned_hall_lemuel, lemuel_old_faithful
Depths:2: kennysheep_room_grid, layout_cave_pools,
          nicolae_hell_entry_big_baal_hell, rand_demon_pan_entry_9
Depths:3: minmay_nine_rooms, layout_basic, enter_ziggurat_d, minmay_misc_feat_x,
          grunt_hell_entry_demonic_statue, abyss_entry, kennysheep_doodads,
          drop_trap
Depths:4: grunt_twist_and_shout, layout_gridville, special_room
          [special_room_jelly], nicolae_dithmenos_the_darkroom, abyss_entry,
          hell_entry
Zot:1:    dreamdust_zin_vs_xom, layout_onion_interference,
          gammafunk_ghost_split, regret_index_zotdec_banners
Zot:2:    layout_gridlike
Zot:3:    layout_gridlike, zot_minivault_1
Zot:4:    bobbens_index_wilting_gardens, layout_gridlike,
          regret_index_zotdec_serpentine_scales, nicolae_zig_zag_zippers
Zot:5:    layout_concentric_octagons, st_stairs_13, hangedman_zot_decor_slant

Skill      XL: |  1  2  3  4  5  6  7  8  9 10 11 12 13 14 15 16 17 18 19 20 21 22 23 24 25 26 27 |
---------------+----------------------------------------------------------------------------------+-----
Maces & Flails | 3 4 5 6 7 8 10 11 12 14 15 17 18 20 22 | 22.0
Throwing       | 2 5 7 10 12 14 15 16 18 20 21 | 21.4
Fighting       | 6 10 12 16 20 22 | 22.0
Invocations    | 5 7 8 9 |  9.1
Translocations | 6 7 8 9 11 13 15 16 20 24 | 24.0
Armour         | 4 7 10 12 | 12.0
Shapeshifting  | 6 12 16 17 | 17.6
Spellcasting   | 6 10 13 15 | 15.0
Dodging        | 3 8 10 11 16 | 16.0

Action                     |  1- 3 |  4- 6 |  7- 9 | 10-12 | 13-15 | 16-18 | 19-21 | 22-24 | 25-27 || total
---------------------------+-------+-------+-------+-------+-------+-------+-------+-------+-------++-------
  Melee: Mace              |   113 |   103 |   143 |       |       |       |       |       |       ||   359
         Headbutt          |    13 |    17 |    67 |   118 |   218 |   274 |    79 |    46 |    45 ||   877
         Flail             |       |       |   183 |       |       |       |       |       |       ||   183
         Morningstar       |       |       |    50 |   305 |       |       |       |       |       ||   355
         Great mace        |       |       |       |   206 |    35 |       |       |       |       ||   241
         Giant spiked club |       |       |       |       |   855 |  1192 |   810 |   774 |  1027 ||  4658
  Throw: Dart              |     5 |    37 |    51 |    32 |    19 |     6 |       |       |       ||   150
         Stone             |     1 |    18 |    21 |    17 |    28 |       |       |       |       ||    85
         Boomerang         |       |       |    41 |   168 |   230 |   123 |       |       |       ||   562
         Javelin           |       |       |       |     2 |    15 |    24 |     8 |       |    19 ||    68
         Large rock        |       |       |       |       |     9 |   111 |    65 |   359 |   341 ||   885
   Cast: Blink             |       |       |       |       |    10 |     8 |       |       |       ||    18
         Teleport Other    |       |       |       |       |     1 |     5 |       |       |       ||     6
         Manifold Assault  |       |       |       |       |       |    23 |   285 |   292 |   394 ||   994
         Lesser Beckoning  |       |       |       |       |       |    34 |       |     7 |     4 ||    45
         Disjunction       |       |       |       |       |       |       |       |       |     8 ||     8
         Passage of Golubr |       |       |       |       |       |       |       |       |     1 ||     1
 Invoke: Heroism           |       |       |       |     4 |     2 |     6 |     2 |       |     1 ||    15
         Receive Armour    |       |       |       |       |       |     1 |       |       |       ||     1
         Receive Weapon    |       |       |       |       |       |     1 |       |       |       ||     1
Ability: Begin Untransform |       |       |       |       |       |       |       |     2 |     2 ||     4
  Evoke: Wand              |       |       |     2 |     4 |     2 |     1 |       |       |     1 ||    10
    Use: Potion            |       |     1 |       |     3 |     1 |     2 |     1 |     1 |    10 ||    19
         Scroll            |       |       |     1 |    18 |    12 |     6 |     1 |     4 |    15 ||    57
   Stab: Sleeping          |     4 |       |     2 |       |       |       |       |     2 |       ||     8
         Distracted        |       |       |       |     1 |       |       |       |     2 |     1 ||     4
 Armour: Robe              |    96 |    74 |   303 |    39 |       |       |       |       |       ||   512
         Steam dragon scal |       |       |       |   494 |   226 |       |       |       |       ||   720
         Troll leather arm |       |       |       |       |   589 |   107 |       |       |       ||   696
         Swamp dragon scal |       |       |       |       |       |  1272 |    70 |    21 |    25 ||  1388
         Skin              |       |       |       |       |       |       |   628 |   343 |   599 ||  1570
  Dodge: Dodged            |    71 |    66 |   206 |   292 |   561 |   922 |   198 |   105 |   226 ||  2647
  Block: Other             |       |       |       |       |   203 |   269 |    92 |    38 |       ||   602
         Reflection        |       |       |       |       |    21 |    23 |    13 |     8 |       ||    65
   Form: Statue            |       |       |       |       |       |       |     1 |     1 |     2 ||     4

Table legend: (Time is in decaauts)
 A = Elapsed time spent in this place.
 B = Non-inter-level travel time spent in this place.
 C = Inter-level travel time spent in this place.
 D = Time resting spent in this place.
 E = Time spent auto-exploring this place.
 F = Levels seen in this place.
 G = Mean time per level.
                   A        B        C        D        E       F      G
               +--------+--------+--------+--------+--------+-----+--------+
         Total | 107556 |  94027 |  13529 |  25151 |  52426 |  55 | 1955.6 |
       Dungeon |  23508 |  18084 |   5424 |   4210 |   9867 |  15 | 1567.2 |
        Temple |     27 |      1 |     26 |      0 |      0 |   1 |   27.0 |
          Lair |  16574 |  13189 |   3385 |   7952 |   2667 |   5 | 3314.8 |
        Shoals |   8535 |   7730 |    805 |   4190 |   2356 |   4 | 2133.8 |
   Spider Nest |   8424 |   7720 |    704 |   2437 |   3737 |   4 | 2106.0 |
  Orcish Mines |   2862 |   2461 |    401 |    370 |   1309 |   2 | 1431.0 |
   Elven Halls |   5970 |   5679 |    291 |    293 |   4456 |   3 | 1990.0 |
        Vaults |  14311 |  13388 |    923 |   1541 |  10127 |   5 | 2862.2 |
         Crypt |   5237 |   4983 |    254 |      3 |   4330 |   3 | 1745.7 |
        Depths |  10805 |  10049 |    756 |   2672 |   6261 |   4 | 2701.2 |
           Zot |  10038 |   9482 |    556 |   1190 |   7011 |   5 | 2007.6 |
         Trove |    155 |    155 |      0 |      0 |     82 |   1 |  155.0 |
       Ossuary |     69 |     69 |      0 |      0 |      0 |   1 |   69.0 |
        Bailey |    385 |    385 |      0 |    195 |     26 |   1 |  385.0 |
        Wizlab |    648 |    648 |      0 |     93 |    193 |   1 |  648.0 |
               +--------+--------+--------+--------+--------+-----+--------+

Top non-repeatable levels by time:
  Lair:4: 4766 daAuts
  Lair:3: 4043 daAuts
Shoals:3: 4002 daAuts
  Lair:2: 3879 daAuts
Depths:3: 3225 daAuts
   Zot:4: 3187 daAuts
Vaults:1: 3131 daAuts
Vaults:2: 3118 daAuts
Spider:3: 3006 daAuts
Vaults:4: 2999 daAuts
Depths:4: 2951 daAuts
Depths:1: 2900 daAuts
     D:7: 2576 daAuts
Vaults:3: 2562 daAuts
Vaults:5: 2499 daAuts
